 Dungeon Crawl Stone Soup version 0.30-a0-1122-g620db56ad9 (webtiles) character file.

Game seed: 4754167452236336127

9947469 RepoMan the Corrupter of Planes (level 27, 216/232 HPs)
             Began as a Mummy Cinder Acolyte on Apr 18, 2023.
             Was the Champion of Lugonu.
             Escaped with the Orb
             ... and 12 runes on Apr 22, 2023!
             The game lasted 17:50:38 (105515 turns).

RepoMan the Corrupter of Planes (MuCA)            Turns: 105515, Time: 17:50:38

Health: 216/232    AC: 23    Str: 10 (18) XL:     27
Magic:  50/50      EV: 10    Int: 34      God:    Lugonu [******]
Gold:   10503      SH: 17    Dex:  3 (12) Spells: 3/72 levels left

rFire   + + +        w - staff of death "Ibbeenga" {rF++ rN+}
rCold   + + .        r - +5 Storm Queen's Shield {shock, Fly rElec}
rNeg    + + +        K - +8 ring mail "Zonidyd" {+Blink}
rPois   ∞            Z - +2 helmet {Int+3}
rElec   +            x - scarf {rC+ rF+}
rCorr   +            e - +1 pair of gloves "Senn" {SInv}
SInv    +            Y - +1 pair of boots of Sloth {rC+ rN+}
Will    ++++.        k - amulet of magic regeneration
Stlth   +            a - ring "Megryz" {Will+ rCorr Int+7}
HPRegen 0.58/turn    z - ring of Qakhis {Fire Dex+2}
MPRegen 0.72/turn

%: faith
@: flying, studying 3 skills
A: cold resistance 1, negative energy resistance 3, torment resistance 2, heat
vulnerability 1, in touch with death 2, no potions, faith
0: Orb of Zot
}: 12/15 runes: serpentine, barnacled, slimy, silver, golden, icy, abyssal,
demonic, glowing, magical, fiery, dark
a: Renounce Religion, Evoke Blink, Depart the Abyss, Banish, Corrupt, Enter the
Abyss


You escaped.
You worshipped Lugonu.
Lugonu was exalted by your worship.
You visited 16 branches of the dungeon, and saw 70 of its levels.
You visited Pandemonium 3 times, and saw 34 of its levels.
You visited the Abyss 8 times.
You visited 2 ziggurats, and saw 18 of their levels (deepest: 13).
You also visited: Trove, Sewer, Bailey, Gauntlet and Desolation.

You collected 15643 gold pieces.
You spent 5140 gold pieces at shops.

Inventory:

Hand Weapons
 b - the +13 scythe of Curses {drain, curses, Drain}
   (You acquired it on level 1 of a ziggurat)

   Drain:     It drains your maximum health when unequipped.
 d - a +9 demon trident of distortion
 i - the +2 dagger "Neekhlun" {flame, rElec rC- Int+7}
   (You bought it in a shop on level 11 of the Dungeon)

   Int:       It affects your intelligence (+7).
   rC:        It makes you vulnerable to cold.
   rElec:     It insulates you from electricity.
Missiles
 v - 71 poisoned darts
 Q - 5 throwing nets
 U - 6 curare-tipped darts
Armour
 e - the +1 pair of gloves "Senn" (worn) {SInv}
   (You acquired it in Pandemonium)

   SInv:      It lets you see invisible.
 l - the +2 leather armour of Itob {rCorr Int+5 SInv}
   (You found it on level 2 of the Dungeon)

   Int:       It affects your intelligence (+5).
   SInv:      It lets you see invisible.
   rCorr:     It protects you from acid and corrosion.
 r - the +5 Storm Queen's Shield (worn) {shock, Fly rElec}
   (You bought it in a shop on level 4 of the Vaults)

   Shock:     When it blocks an attack, it may electrocute the attacker.
   This works even against foes who are a short distance away.
   rElec:     It insulates you from electricity.
   Fly:       It grants you flight.
 x - a scarf of resistance (worn)
 K - the +8 ring mail "Zonidyd" (worn) {+Blink}
   (You found it on level 1 of the Vaults)

   +Blink:    It lets you blink.
 O - a +5 kite shield of fire resistance
 V - a +0 pair of boots of flying
 W - a +8 tower shield of reflection
 Y - the +1 pair of boots of Sloth (worn) {rC+ rN+}
   (You acquired it on level 7 of a ziggurat)

   rC:        It protects you from cold.
   rN:        It protects you from negative energy.
 Z - a +2 helmet of intelligence (worn)
Magical Staves
 w - the staff of death "Ibbeenga" (weapon) {rF++ rN+}
   (You found it on level 3 of the Elven Halls)

   [staff of death]

   Base accuracy: +5 Base damage: 5 Base attack delay: 1.2 This weapon's minimum
   attack delay (0.6) is reached at skill level 12.
   rF:        It greatly protects you from fire.
   rN:        It protects you from negative energy.
   It falls into the 'Staves' category.
   It is a one-handed weapon.
 H - the staff of fire "Lunoake" {rF+ Str+4 Dex+5 SInv}
   (You found it on level 5 of the Vaults)

   [staff of fire]

   Base accuracy: +5 Base damage: 5 Base attack delay: 1.2 This weapon's minimum
   attack delay (0.6) is reached at skill level 12.
   Str:       It affects your strength (+4).
   Dex:       It affects your dexterity (+5).
   rF:        It protects you from fire.
   SInv:      It lets you see invisible.
   It falls into the 'Staves' category.
   It is a one-handed weapon.
 P - the staff of fire "Boesuyd" {rPois rF+ rC+ Int+3 Dex+2}
   (You found it on level 7 of a ziggurat)

   [staff of fire]

   Base accuracy: +5 Base damage: 5 Base attack delay: 1.2 This weapon's minimum
   attack delay (0.6) is reached at skill level 12.
   Int:       It affects your intelligence (+3).
   Dex:       It affects your dexterity (+2).
   rF:        It protects you from fire.
   rC:        It protects you from cold.
   rPois:     It protects you from poison.
   It falls into the 'Staves' category.
   It is a one-handed weapon.
 T - the staff of air "Salaffio" {rElec rC+ Str+3 Int+3}
   (You found it in Pandemonium)

   [staff of air]

   Base accuracy: +5 Base damage: 5 Base attack delay: 1.2 This weapon's minimum
   attack delay (0.6) is reached at skill level 12.
   Str:       It affects your strength (+3).
   Int:       It affects your intelligence (+3).
   rC:        It protects you from cold.
   rElec:     It insulates you from electricity.
   It falls into the 'Staves' category.
   It is a one-handed weapon.
Jewellery
 a - the ring "Megryz" (left hand) {Will+ rCorr Int+7}
   (You found it in the Desolation of Salt)

   [ring of willpower]

   Int:       It affects your intelligence (+7).
   rCorr:     It protects you from acid and corrosion.
   Will:      It increases your willpower.
 g - the ring of Weokuh {Wiz Str+2}
   (You took it off a deep elf sorcerer on level 3 of the Elven Halls)

   [ring of wizardry]

   It improves your spell success rate.
   Str:       It affects your strength (+2).
 k - an amulet of magic regeneration (around neck)
 o - a ring of flight
 z - the ring of Qakhis (right hand) {Fire Dex+2}
   (You found it on level 12 of a ziggurat)

   [ring of fire]

   It enhances your fire magic.
   Dex:       It affects your dexterity (+2).
   rF:        It protects you from fire.
   rC:        It makes you vulnerable to cold.
 B - the ring of Ojoolu {+Blink rElec rPois rCorr AC+4}
   (You found it on level 5 of the Vaults)

   [ring of protection]

   AC:        It affects your AC (+4).
   rElec:     It insulates you from electricity.
   rPois:     It protects you from poison.
   +Blink:    It lets you blink.
   rCorr:     It protects you from acid and corrosion.
 I - the amulet "Hubeudew" {Regen+ Str+3 Slay+3 SInv}
   (You found it in Pandemonium)

   [amulet of regeneration]

   Str:       It affects your strength (+3).
   Slay:      It affects your accuracy & damage with ranged weapons and melee
   (+3).
   SInv:      It lets you see invisible.
   Regen:     It increases your rate of health regeneration.
 X - a +6 ring of intelligence
Wands
 m - a wand of iceblast (94)
 G - a wand of flame (245)
 L - a wand of digging (1)
 M - a wand of paralysis (87)
 N - a wand of mindburst (138)
 S - a wand of acid (45)
Scrolls
 f - 13 scrolls of vulnerability
 h - 14 scrolls of amnesia
 j - a scroll of torment
 n - 5 scrolls of fog
 p - 13 scrolls of enchant weapon
 q - 4 scrolls of blinking
 u - 5 scrolls of fear
 A - 11 scrolls of poison
 C - 9 scrolls of magic mapping
 D - 7 scrolls of brand weapon
 E - 25 scrolls of enchant armour
 F - 3 scrolls of teleportation
 J - 12 scrolls of immolation
Miscellaneous
 c - a phantom mirror (inert)
 s - the horn of Geryon
 t - a lightning rod (4/4)
 y - a box of beasts (inert)
 R - a condenser vane


   Skills:
 + Level 22.3 Fighting
 + Level 10.1(10.8) Polearms
 - Level 6.3(9.1) Staves
 - Level 9.9 Armour
 - Level 14.4 Dodging
 - Level 4.4 Stealth
 + Level 17.3 Shields
 - Level 23.3 Spellcasting
 - Level 16.6 Conjurations
 - Level 2.2 Hexes
 - Level 8.8 Summonings
 - Level 22.2 Necromancy
 - Level 2.2 Translocations
 - Level 2.2 Transmutations
 * Level 21.3 Fire Magic
 - Level 2.2 Air Magic
 - Level 4.4 Earth Magic
 - Level 2.2 Poison Magic
 O Level 27 Invocations
 + Level 0.6 Evocations


You had 3 spell levels left.
You knew the following spells:

 Your Spells              Type           Power      Damage    Failure   Level
b - Blink                 Tloc           100%       N/A       1%          2
c - Death Channel         Necr           94%        N/A       1%          6
d - Orb of Destruction    Conj           50%        9d13      1%          7
g - Apportation           Tloc           100%       N/A       1%          1
h - Haunt                 Necr/Summ      85%        N/A       3%          7
i - Infestation           Necr           94%        N/A       1%          8
m - Iskenderun's Mystic   Conj/Tloc      80%        2d16      1%          4
q - Magic Dart            Conj           100%       1d8       0%          1
r - Scorch                Fire           100%       2d9       0%          2
s - Spellforged Servitor  Conj/Summ      45%        N/A       11%         7
u - Dispel Undead         Necr           100%       3d31      0%          4
w - Passwall              Tmut/Erth      48%        N/A       1%          2
x - Borgnjor's Vile Clut  Necr/Erth      82%        N/A       1%          5
I - Ignition              Fire           67%        3d18      2%          8
X - Irradiate             Conj/Tmut      40%        3d25      1%          5

Your spell library contained the following spells:

 Spells                   Type           Power      Damage    Failure   Level
 Foxfire                  Conj/Fire      100%       2x1d9     0%          1
 Kiss of Death            Conj/Necr      100%       2d13      0%          1
 Necrotise                Necr           100%       1d9       0%          1
 Searing Ray              Conj           100%       2d8       0%          2
 Vampiric Draining        Necr           100%       2d13      0%          3
 Sandblast                Erth           100%       2d20      1%          1
 Shock                    Conj/Air       100%       1d9       1%          1
 Slow                     Hex            100%       N/A       1%          1
 Sting                    Tmut/Pois      100%       1d8       1%          1
 Summon Small Mammal      Summ           100%       N/A       1%          1
 Call Imp                 Summ           100%       N/A       1%          2
 Cigotuvi's Dreadful Rot  Necr/Pois/Air  100%       N/A       1%          2
 Lesser Beckoning         Tloc           100%       N/A       1%          2
 Momentum Strike          Conj/Tloc      100%       3d10      1%          2
 Poisonous Vapours        Pois/Air       100%       N/A       1%          2
 Call Canine Familiar     Summ           78%        N/A       1%          3
 Dazzling Flash           Conj/Hex       100%       N/A       1%          3
 Ignite Poison            Fire/Tmut/Pois 98%        N/A       1%          3
 Inner Flame              Hex/Fire       100%       N/A       1%          3
 Mephitic Cloud           Conj/Pois/Air  72%        N/A       1%          3
 Stone Arrow              Conj/Erth      100%       3d13      1%          3
 Summon Guardian Golem    Hex/Summ       67%        N/A       1%          3
 Freeze                   Ice            100%       1d10      2%          1
 Ensorcelled Hibernation  Hex/Ice        94%        N/A       2%          2
 Confusing Touch          Hex            53%        N/A       2%          3
 Portal Projectile        Hex/Tloc       100%       N/A       2%          3
 Swiftness                Air            53%        N/A       2%          3
 Tukima's Dance           Hex            53%        N/A       2%          3
 Vhi's Electric Charge    Tloc/Air       100%       N/A       2%          3
 Frozen Ramparts          Ice            78%        1d12      7%          3
 Ozocubu's Armour         Ice            39%        N/A       7%          3
 Animate Dead             Necr           100%       N/A       0%          4
 Flame Wave               Conj/Fire      100%       2d21      0%          4
 Sticky Flame             Conj/Fire      100%       2d11      0%          4
 Agony                    Necr           100%       N/A       0%          5
 Anguish                  Hex/Necr       80%        N/A       1%          4
 Animate Armour           Summ/Erth      100%       N/A       1%          4
 Fulminant Prism          Conj/Hex       40%        3d19      1%          4
 Arcjolt                  Conj/Air       40%        1d50      1%          5
 Fireball                 Conj/Fire      64%        3d24      1%          5
 Iskenderun's Battlesphe  Conj           100%       2d15      1%          5
 Starburst                Conj/Fire      64%        6d17      1%          6
 Summon Lightning Spire   Summ/Air       67%        N/A       2%          4
 Plasma Beam              Fire/Air       54%        2x1d76    2%          6
 Summon Ice Beast         Ice/Summ       62%        N/A       3%          4
 Simulacrum               Ice/Necr       78%        N/A       3%          6
 Freezing Cloud           Conj/Ice/Air   35%        6-21      4%          5
 Iron Shot                Conj/Erth      42%        9d8       4%          6
 Leda's Liquefaction      Hex/Erth       29%        N/A       6%          4
 Petrify                  Tmut/Erth      58%        N/A       6%          4
 Summon Forest            Summ/Tloc      33%        N/A       7%          5
 Summon Mana Viper        Hex/Summ       67%        N/A       7%          5
 Cause Fear               Hex            26%        N/A       9%          4
 Manifold Assault         Tloc           53%        N/A       9%          4
 Olgreb's Toxic Radiance  Pois           53%        N/A       9%          4
 Passage of Golubria      Tloc           53%        N/A       9%          4
 Lee's Rapid Deconstruct  Erth           31%        3d16*     11%         5
 Alistair's Intoxication  Tmut/Pois      35%        N/A       26%         5
 Silence                  Hex/Air        26%        N/A       26%         5
 Yara's Violent Unravell  Hex/Tmut       26%        3d11      26%         5
 Metabolic Englaciation   Hex/Ice        23%        N/A       36%         5
 Monstrous Menagerie      Summ           39%        N/A       45%         7
 Summon Hydra             Summ           39%        N/A       45%         7
 Fire Storm               Conj/Fire      64%        8d16      67%         9
 Dispersal                Tloc           26%        N/A       80%         6
 Eringya's Noxious Bog    Tmut/Pois      26%        N/A       80%         6
 Malign Gateway           Summ/Tloc      33%        N/A       90%         7
 Lehudib's Crystal Spear  Conj/Erth      42%        10d10     90%         8
 Summon Horrible Things   Summ           39%        N/A       99%         8
 Enfeeble                 Hex            26%        N/A       100%        7
 Ozocubu's Refrigeration  Ice            19%        4d11      100%        7
 Disjunction              Tloc           26%        N/A       100%        8
 Maxwell's Capacitive Co  Air            26%        ∞         100%        8
 Chain Lightning          Conj/Air       40%        3d53      100%        9
 Dragon's Call            Summ           39%        N/A       100%        9
 Polar Vortex             Ice            19%        N/A       100%        9
 Shatter                  Erth           31%        3d25*     100%        9
 Sublimation of Blood     Necr           Unusable   N/A       N/A         2
 Wereblood                Tmut           Unusable   N/A       N/A         2
 Ice Form                 Ice/Tmut       Unusable   N/A       N/A         4
 Blade Hands              Tmut           Unusable   N/A       N/A         5
 Dragon Form              Tmut           Unusable   N/A       N/A         7
 Storm Form               Tmut/Air       Unusable   N/A       N/A         7

Dungeon Overview and Level Annotations

Branches:
Dungeon (15/15)            Temple (1/1) D:4            Lair (5/5) D:8
 Shoals (4/4) Lair:3        Snake (4/4) Lair:2        Slime (5/5) Lair:4
    Orc (2/2) D:12            Elf (3/3) Orc:2        Vaults (5/5) D:14
  Crypt (3/3) Vaults:2       Tomb (3/3) Crypt:3      Depths (4/4) D:15
   Hell (visited)             Dis (0/7) Hell            Geh (0/7) Hell
    Coc (7/7) Hell            Tar (3/7) Hell            Zot (5/5) Depths:4
  Sewer (visited)          Bailey (visited)         Desolation (visited)
Gauntlet (visited)

Altars:
Ashenzari
Cheibriados
Dithmenos
Fedhas
Gozag
Hepliaklqana
Kikubaaqudgha
Makhleb
Nemelex Xobeh
Okawaru
Qazlal
Ru
Sif Muna
Trog
Uskayaw
Vehumet
Wu Jian
Xom
Yredelemnul

Shops:
D:9 **[!   D:11 (   Orc:2 ==:[=(*   Elf:2 :(!   Elf:3 :=:[   Snake:3 :
Vaults:1 [   Vaults:2 !   Vaults:4 [?*[(   Depths:3 [

Portals:
Hell: Depths:1 Depths:2 Depths:3 Depths:4
Abyss: Vaults:2 Depths:3
Pandemonium: Depths:1 Depths:2 Depths:3

Annotations:
Snake:2 exclusion: downstairs
Tomb:2 corrupted
Tomb:3 corrupted
Depths:2 corrupted
Zot:4 3 runed translucent doors, Ratusom's ghost, legendary NaHu


Innate Abilities, Weirdness & Mutations

You are immune to poison.
Your flesh is cold resistant. (rC+)
You are immune to negative energy. (rN+++)
You are immune to unholy pain and torment.
You are vulnerable to heat. (rF-)
You are strongly in touch with the powers of death.
You do not drink.
You have a special connection with the divine. (Faith)


Message History

The Hell Sentinel collides with the Hell Sentinel!
The Hell Sentinel is lightly wounded.
The Hell Sentinel gestures at you.
The sphere of damnation explodes!
The damnation engulfs you!!
You fly upwards.
There is a stone staircase leading down here.
Aiming: Dig
Press: ? - help, Shift-Dir - straight line A rock wall.
This square is covered in magical glow.
The rock shatters into small pieces.
Things that are here:
a +0 chain mail; a +0 dire flail You see here a +0 flail.
There is a stone staircase leading up here.
You fly upwards.
There is a stone staircase leading down here.
There is a stone staircase leading up here.
You fly upwards.
There is a stone staircase leading down here.
Aiming: Dig
Press: ? - help, Shift-Dir - straight line A rock wall.
This square is covered in magical glow.
The rock shatters into small pieces.
There is an escape hatch in the ceiling here.
A mysterious force pulls you upwards. The hatch slams shut behind you.
Aiming: Dig
Press: ? - help, Shift-Dir - straight line You can't see that place.
The rock shatters into small pieces.
There is a stone staircase leading up here.
You fly upwards.
There is a stone staircase leading down here.
Aiming: Dig
Press: ? - help, Shift-Dir - straight line This square is covered in magical glow.
The rock shatters into small pieces.
There is a staircase leading out of the dungeon here.
You have escaped!

#####.###...######.......#.#.####
......................#..#.#.#...
........#..#..####.......#.#.##..
............^.........#.##.#.....
........##...#......#......#####.
........##..##8###8.#....###...#.
.......###...#........#..# #.....
######.###...#.....#..#..# #.....
#.......#..@..#..#..# #.....
#..###..#.....#..#..# #.#'#.
##>## #........#..#..# #.#.#.
#...###.##8###8##.#### #.#.#.
#...+.#..#.....#..######.#.#.
####...#.............##.....#...
#......##..........##...##......
#..†##############.....####.#...
#...# ###...# #.###.


There were no monsters in sight!

Vanquished Creatures
  Antaeus (Coc:7)
  Gloorx Vloq (Pan)
  5 dread liches
  2 orbs of fire (Zot:2)
  4 ancient liches
  12 royal mummies
  Margery (Depths:1)
  2 Killer Klowns (Zot:5)
  Saint Roka (Elf:3)
  6 shard shrikes
  Frederick (Crypt:3)
  The ghost of Yhipuh the Earth Mage, a veteran GrEE of Ashenzari (Crypt:2)
  5 curse toes
  Geryon (Hell)
  The ghost of Neirri the Fetichist, a veteran DrHW of Gozag (Crypt:3)
  5 golden dragons
  Jory (Vaults:3)
  6 pandemonium lords
  3 Tzitzimimeh
  2 bone dragons (Zot:3)
  2 electric golems
  2 doom hounds
  3 Brimstone Fiends (Pan)
  The ghost of Mefral the Lord of Darkness, an adept DsNe of Kikubaaqudgha (Vaults:2)
  7 Orb Guardians (Zot:5)
  17 Ice Fiends
  4 liches
  6 tentacled monstrosities
  3 Hell Sentinels
  A tainted leviathan (Tar:3)
  9 titans
  2 deep elf blademasters
  3 death cobs
  3 deep elf master archers
  6 quicksilver dragons
  22 Executioners (Pan)
  3 tentacled starspawn
  A searing wretch (Hell)
  7 sphinxes
  An acid blob (Slime:1)
  Gastronok (D:8)
  7 ancient champions
  9 revenants
  2 tengu reavers
  4 storm dragons
  7 shadow dragons
  3 daevas
  5 nagarajas
  3 draconian monks
  7 demonspawn warmongers (Pan)
  4 draconian knights
  6 fire giants
  13 frost giants
  8 azure jellies
  23 narguns
  An emperor scorpion (Zig:1)
  7 deep elf sorcerers
  8 vault wardens
  Aizul (Vaults:4)
  17 balrugs
  2 iron dragons
  3 imperial myrmidons (Desolation)
  7 draconian scorchers
  4 shard shrike simulacra
  5 curse skulls
  7 draconian shifters
  A juggernaut zombie (Tomb:1)
  4 angels
  A ghost moth (Zot:5)
  8 draconian stormcallers
  4 orc warlords
  5 deep elf elementalists (Elf:3)
  8 reapers
  2 ghouls (Crypt:3)
  12 cacodemons
  3 draconian annihilators
  8 ironbound preservers
  A spriggan defender (Depths:3)
  A broodmother (shapeshifter) (Vaults:5)
  2 war gargoyles (Vaults:5)
  9 demonspawn corrupters (Pan)
  22 very ugly things
  7 demonspawn blood saints (Pan)
  10 stone giants
  7 vampire knights
  3 ironbound thunderhulks
  18 elemental wellsprings
  2 black draconians
  13 green draconians
  13 deep elf annihilators
  14 lorocyprocas
  3 halazid warlocks (Desolation)
  9 purple draconians
  5 demonspawn black suns (Pan)
  8 red draconians
  8 deep elf demonologists
  2 spectral titans (Tar:1)
  4 yellow draconians
  9 wendigos
  7 white draconians
  5 putrid mouths
  3 dire elephants (Vaults:4)
  3 iron golems (Hell)
  5 eidola
  5 deep elf death magi
  18 blizzard demons
  Snorg (Lair:3)
  A crystal guardian (Desolation)
  13 mummy priests
  9 ettins
  5 merfolk javelineers
  9 yaktaur captains
  6 merfolk impalers
  4 entropy weavers
  11 green deaths (Pan)
  8 ragged hierophants (Desolation)
  A spectral spriggan (Tar:1)
  3 great orbs of eyes
  A kraken zombie (Hell)
  13 jiangshi
  2 fire dragons
  A rakshasa (Depths:1)
  Erolcha (D:9)
  2 spriggan zombies
  9 deep elf high priests
  2 hell beasts (Pan)
  8 servants of whispers (Desolation)
  3 hydras
  5 salamander tyrants
  25 vault guards
  Fannar (D:11)
  A fenstrider witch zombie (Tomb:1)
  A ghost crab (Zig:2)
  5 peacekeepers (Desolation)
  4 spriggan air magi
  6 caustic shrike simulacra
  5 catoblepae
  2 ogre magi (Vaults:5)
  A catoblepas (shapeshifter) (Zig:5)
  Erica (Lair:1)
  4 ice dragons
  5 ironbound frosthearts
  7 centaur warriors
  24 dancing weapons
  A spectral stone giant (Tar:1)
  3 juggernaut simulacra
  A two-headed ogre (shapeshifter) (D:15)
  57 death scarabs
  5 nameless horrors
  A stoker (Hell)
  7 merfolk aquamancers
  A deep troll shaman (Depths:4)
  2 anacondas
  2 boulder beetles
  2 deep troll earth magi
  5 death yaks
  A spriggan berserker (Depths:4)
  3 tengu warriors
  10 two-headed ogres
  9 vampire magi
  A thrashing horror (Abyss:1)
  3 orc high priests
  4 shock serpents
  12 naga warriors
  A quicksilver ooze zombie (Crypt:3)
  A spectral dire elephant (Tar:1)
  Urug (D:11)
  12 naga sharpshooters
  40 sun demons
  27 soul eaters
  19 deep elf knights
  9 hell knights
  A titan skeleton (Crypt:1)
  An iron troll (Depths:2)
  23 sixfirhies
  A spectral bunyip (Tar:2)
  2 skysharks (Shoals:2)
  A crystal echidna (Hell)
  9 salamander mystics
  A storm dragon skeleton (Zot:3)
  4 wretched stars (Abyss:1)
  2 death drakes (Zot:3)
  8 glowing orange brains
  2 bog bodies (Crypt:3)
  11 sea snakes
  7 shadow wraiths
  A spatial maelstrom (Abyss:3)
  48 skeletal warriors
  34 deep trolls
  9 deep elf archers
  6 quicksilver dragon simulacra
  9 shadow demons
  An orb spider (shapeshifter) (Zig:5)
  3 cherubim (Depths:2)
  6 flayed ghosts
  6 lindwurms
  An iron giant skeleton (Crypt:2)
  A fenstrider witch simulacrum (Crypt:1)
  2 orange crystal statues (Hell)
  8 wizards
  A lindwurm (shapeshifter) (Zig:10)
  2 anaconda skeletons
  7 phantasmal warriors
  3 spriggan simulacra
  12 naga ritualists
  10 orc knights
  8 necromancers
  15 ironbound convokers
  18 deep elf pyromancers
  11 harpies
  A bunyip skeleton (Pan)
  24 deep elf zephyrmancers
  6 orc sorcerers
  14 starcursed masses
  4 cyclopes
  A manticore (shapeshifter) (Zig:10)
  A tengu skeleton (Zig:8)
  12 mana vipers
  15 manticores
  A jorogumo zombie (Crypt:3)
  3 fauns
  33 ugly things
  A worldbinder (Zig:13)
  A will-o-the-wisp (Zig:2)
  13 moths of wrath
  A stone giant zombie (Crypt:3)
  A wolf spider (D:15)
  19 salamanders
  A dire elephant zombie (Crypt:2)
  An eleionoma skeleton (Crypt:3)
  8 ice statues
  9 elephants (Lair:5)
  A spectral centaur (Tar:1)
  38 black mambas
  A centaur zombie (Crypt:2)
  5 guardian serpents
  An iron dragon skeleton (Pan)
  8 water nymphs
  A frost giant skeleton (Crypt:1)
  10 naga magi
  12 vault sentinels
  13 demonic crawlers (Pan)
  4 merfolk sirens
  An eye of devastation (shapeshifter) (Depths:4)
  2 molten gargoyles (Desolation)
  23 smoke demons
  5 titan simulacra
  3 gargoyles
  A torpor snail (shapeshifter) (Depths:3)
  A kobold demonologist (D:11)
  A storm dragon simulacrum (Crypt:2)
  13 cane toads
  3 komodo dragons
  An emperor scorpion simulacrum (Coc:1)
  An unseen horror (D:11)
  16 orange demons (Pan)
  2 torpor snails
  A green draconian zombie (Zot:3)
  3 hellions
  8 freezing wraiths
  2 anaconda simulacra
  2 bunyip simulacra (Coc:1)
  3 rime drakes
  A swamp worm zombie (Crypt:3)
  8 efreet
  32 guardian mummies
  8 tormentors
  3 spectral nagas
  A dire elephant skeleton (Crypt:2)
  26 yaktaurs
  2 spectral harpies (Tar:1)
  9 ice devils
  6 ancient zymes (Abyss:1)
  An iron giant simulacrum (Coc:4)
  3 tengu conjurers
  7 red devils
  2 death yak skeletons
  2 harpy zombies
  A shadow dragon simulacrum (Zig:5)
  18 trolls
  2 hornets
  A pale draconian skeleton (Crypt:1)
  7 wind drakes
  16 merfolk
  Grinder (D:5)
  2 mana viper skeletons (Crypt:1)
  18 hellwings (Pan)
  46 saltlings (Desolation)
  A dream sheep (shapeshifter) (Zig:10)
  A harpy skeleton (Crypt:3)
  2 polar bears
  4 raiju
  A fire giant simulacrum (Vaults:4)
  A tarantella zombie (Crypt:3)
  4 snapping turtles
  4 blink frogs (Lair:1)
  An iron dragon simulacrum (Coc:2)
  3 dream sheep (Shoals:4)
  2 hydra skeletons
  2 shadows (Abyss:1)
  A jumping spider (Gauntlet)
  37 water elementals
  41 slime creatures
  2 centaur simulacra
  3 stone giant simulacra
  13 air elementals
  An alligator skeleton (Crypt:2)
  9 flying skulls
  6 dire elephant simulacra
  4 vampires (Crypt:3)
  13 ynoxinuls
  6 fire elementals
  2 wyverns
  An ice dragon skeleton (Pan)
  14 ushabtiu
  5 wraiths
  2 basilisks
  27 large abominations
  47 yaks
  10 golden eyes
  2 redbacks (Vaults:4)
  A steam dragon (D:8)
  16 vampire mosquitoes
  15 chaos spawn (Pan)
  2 black mamba skeletons (Crypt:1)
  2 alligator snapping turtle simulacra (Coc:2)
  17 neqoxecs
  A sea snake simulacrum (Hell)
  15 harpy simulacra
  Edmund (D:5)
  A spatial vortex (Abyss:3)
  34 nagas
  3 wargs
  2 acid dragons (D:11)
  A floating eye (Depths:3)
  11 water moccasins
  Duvessa (D:5)
  6 hell hounds
  A fire bat skeleton (Crypt:2)
  3 hydra simulacra
  5 ice beasts
  2 naga skeletons
  9 ettin simulacra
  2 small abominations (Abyss:1)
  A swamp drake (Orc:2)
  31 orc warriors
  A black bear (shapeshifter) (Depths:4)
  22 centaurs
  9 boggarts
  4 wolves (Lair:3)
  9 ogres
  3 phantoms
  An elf zombie (Crypt:1)
  17 bullfrogs
  An earth elemental (Elf:3)
  2 glowing shapeshifter simulacra
  A gnoll sergeant (D:8)
  4 kobold brigands
  A necrophage (Crypt:3)
  4 scorpions
  A cyclops skeleton (Crypt:2)
  A polar bear zombie (Crypt:3)
  17 killer bees
  A spriggan skeleton (Crypt:2)
  9 electric eels
  A shapeshifter skeleton (Crypt:2)
  7 vampire bats (Bailey)
  3 howler monkeys
  6 wolf zombies (Bailey)
  A crimson imp (Orc:1)
  3 lava snakes (Lair:2)
  A quasit (Abyss:1)
  4 hounds
  7 jellies
  A gnoll bouda (D:8)
  22 orc priests
  A sleepcap (D:7)
  An iron imp (Orc:1)
  Jessica (D:2)
  29 orc wizards
  7 iguanas
  A boggart skeleton (Crypt:2)
  An ogre skeleton (Crypt:1)
  33 mummies
  11 adders
  11 gnolls
  A howler monkey skeleton (Crypt:2)
  3 river rats
  A shadow imp (Orc:1)
  14 white imps
  2 worms (D:2)
  2 dart slugs (D:2)
  64 orcs
  5 endoplasms
  5 giant cockroaches
  A gnoll zombie (Crypt:2)
  3 goblins
  5 hobgoblins
  3 jackals (D:2)
  26 kobolds
  4 quokkas
  19 ball pythons
  4 bats
  4 frilled lizards
  A jackal zombie (Crypt:3)
  24 orc zombies (Bailey)
  31 rats
  A rat zombie (Crypt:3)
  A fire vortex (Hell)
  5 fulminant prisms
  3 starspawn tentacles
  4 tentacles (Hell)
2875 creatures vanquished.

Vanquished Creatures (collateral kills)
  the Royal Jelly (Slime:5)
  Lom Lobon (Pan)
  Mnoleg (Pan)
  5 orbs of fire
  3 ancient liches
  16 royal mummies
  3 Killer Klowns
  5 pandemonium lords
  3 shard shrikes
  A curse toe (Zot:1)
  3 golden dragons
  A profane servitor (Tar:1)
  4 Brimstone Fiends (Pan)
  3 bone dragons
  4 Tzitzimimeh
  2 electric golems
  7 doom hounds
  3 Hell Sentinels
  4 Ice Fiends
  10 tentacled monstrosities
  3 liches
  A tainted leviathan (Tar:2)
  Mlioglotl (Shoals:3)
  5 titans
  18 Orb Guardians (Zot:5)
  2 quicksilver dragons (Vaults:5)
  18 Executioners (Pan)
  6 searing wretches
  An eldritch tentacle (Pan)
  3 death cobs
  2 sphinxes (Vaults:3)
  12 acid blobs
  4 ancient champions
  A tentacled starspawn (Vaults:2)
  Polyphemus (Shoals:3)
  6 storm dragons
  3 tengu reavers
  2 shadow dragons
  6 rockslimes (Slime:5)
  3 draconian monks
  18 azure jellies
  9 demonspawn warmongers (Pan)
  4 fire giants
  An iron dragon (Vaults:5)
  5 frost giants
  5 draconian knights
  17 narguns
  An azure jelly (shapeshifter) (Vaults:5)
  15 balrugs
  3 draconian scorchers
  A deep elf sorcerer (Vaults:5)
  3 draconian shifters
  2 ghost moths
  8 vault wardens
  A curse skull (Pan)
  5 shard shrike simulacra
  A spriggan defender (Depths:3)
  7 draconian annihilators
  14 cacodemons (Pan)
  7 quicksilver oozes
  10 reapers
  3 draconian stormcallers
  An ironbound thunderhulk (Vaults:1)
  An ophan (Zig:13)
  4 demonspawn blood saints (Pan)
  5 demonspawn corrupters (Pan)
  A ghoul (Crypt:3)
  18 very ugly things
  3 war gargoyles (Vaults:5)
  3 stone giants
  A deep elf demonologist (Vaults:5)
  6 ironbound preservers
  4 elemental wellsprings
  9 demonspawn black suns (Pan)
  6 black draconians
  9 lorocyprocas
  3 putrid mouths
  2 purple draconians
  2 spark wasps (Depths:4)
  7 bennus
  5 dire elephants
  10 wendigos
  5 green draconians
  6 white draconians
  6 red draconians
  8 ettins
  2 eidola
  An ettin (shapeshifter) (Vaults:5)
  4 yellow draconians
  A crystal guardian (Hell)
  A merfolk impaler (Shoals:4)
  2 jiangshi (Crypt:3)
  9 green deaths
  6 mummy priests
  A deep elf high priest (Vaults:5)
  19 blizzard demons
  8 hydras (Depths:3)
  A spectral fenstrider witch (Tar:1)
  4 yaktaur captains
  An entropy weaver (Vaults:5)
  A spectral spriggan (Tar:1)
  A peacekeeper (Desolation)
  5 hell beasts (Pan)
  5 juggernaut simulacra
  3 vault guards (Vaults:5)
  7 great orbs of eyes
  4 ironbound frosthearts
  3 caustic shrike simulacra (Coc:7)
  3 ice dragons
  7 rakshasas
  3 spriggan air magi
  A death knight (Vaults:2)
  2 merfolk avatars
  5 centaur warriors (Vaults:1)
  3 dancing weapons
  A naga warrior (Snake:3)
  2 deep troll shamans
  A death yak (Shoals:3)
  2 merfolk aquamancers (Shoals:2)
  A deep troll earth mage (Depths:1)
  3 tengu warriors
  5 two-headed ogres
  2 shock serpents (shapeshifter)
  17 death scarabs
  A spectral storm dragon (Tar:1)
  A spriggan berserker (Depths:4)
  A crystal echidna (Hell)
  2 deep elf knights
  45 sun demons
  4 wretched stars (Zig:13)
  3 skysharks
  22 soul eaters
  A thrashing horror (Zig:6)
  A spectral dire elephant (Tar:2)
  3 skeletal warriors
  4 iron trolls
  4 hell knights
  A spatial maelstrom (Zig:13)
  13 sixfirhies (Pan)
  A titan skeleton (Crypt:3)
  5 shadow wraiths
  An iron troll (shapeshifter) (Zig:5)
  14 deep trolls
  A flayed ghost (Depths:4)
  2 quicksilver dragon simulacra (Coc:7)
  A deep elf archer (Zig:7)
  5 sea snakes
  A glowing orange brain (Vaults:2)
  A shadow demon (Pan)
  4 spriggan simulacra
  A wolf spider zombie (D:15)
  2 lindwurms
  An orange crystal statue (Zig:3)
  7 wizards
  3 ironbound convokers
  9 harpies
  A deep elf pyromancer (Zig:9)
  4 necromancers
  3 orc knights
  2 deep elf zephyrmancers
  2 phantasmal warriors (Vaults:5)
  2 shining eyes (Slime:5)
  19 ugly things
  3 iron dragon zombies
  2 fauns (Shoals:3)
  2 orc sorcerers
  3 tengu skeletons (Depths:3)
  2 cyclopes (shapeshifter) (Vaults:5)
  A spectral ettin (Tar:2)
  A moth of wrath (shapeshifter) (Vaults:4)
  A salamander (Snake:3)
  2 spectral centaurs (Tar:2)
  An iron dragon skeleton (Pan)
  2 apocalypse crabs (Zig:10)
  10 moths of wrath
  2 merfolk sirens
  6 vault sentinels
  12 demonic crawlers (Pan)
  5 ice statues
  A water nymph (Shoals:4)
  A rust devil (Pan)
  51 smoke demons
  15 orange demons (Pan)
  An eye of devastation (Slime:1)
  3 efreet (Pan)
  A naga skeleton (Crypt:3)
  A sea snake zombie (Hell)
  2 centaur skeletons (D:15)
  19 yaktaurs
  2 hellions
  6 freezing wraiths
  15 guardian mummies
  9 tormentors
  7 ice devils
  3 iron giant simulacra
  An anaconda simulacrum (Coc:4)
  A tengu conjurer (Depths:1)
  A golden dragon simulacrum (Coc:7)
  3 spectral nagas
  A spectral harpy (Tar:2)
  A purple draconian skeleton (Zot:3)
  17 hellwings
  A harpy zombie (Tomb:3)
  8 red devils
  10 merfolk
  13 wind drakes
  A sea snake skeleton (Hell)
  A hydra zombie (Hell)
  2 saltlings (Desolation)
  A raiju (Zig:13)
  A nameless horror (Pan)
  A snapping turtle (Shoals:1)
  An alligator zombie (Hell)
  A stone giant simulacrum (Coc:7)
  A dream sheep (Shoals:4)
  An iron dragon simulacrum (Coc:7)
  A centaur simulacrum (D:15)
  A slime creature (shapeshifter) (Vaults:5)
  43 slime creatures
  A naga simulacrum (Coc:7)
  A vampire (Bailey)
  2 air elementals (Shoals:4)
  16 water elementals
  A spriggan (Depths:3)
  9 ushabtiu
  23 ynoxinuls
  2 golden eyes
  7 chaos spawn (Pan)
  14 neqoxecs (Pan)
  4 harpy simulacra
  A spatial vortex (Abyss:3)
  6 hell hounds
  37 large abominations
  2 ettin simulacra
  Dowan (D:5)
  A crimson imp (Depths:2)
  An orc priest (Vaults:5)
  13 mummies
  2 white imps
  2 orcs (Vaults:5)
  5 fire vortices (Hell)
1244 creatures vanquished.

Vanquished Creatures (others)
  Mennas (Depths:2)
  3 royal mummies (Tomb:2)
  A Killer Klown (Zot:5)
  An ancient champion (Vaults:2)
  An eldritch tentacle (Pan)
  A revenant (Tomb:2)
  2 daevas (Depths:2)
  A balrug (Pan)
  An angel (Depths:2)
  2 demonspawn blood saints (Pan)
  A vampire knight (Crypt:3)
  A deep elf annihilator (Pan)
  A bennu (Tomb:2)
  4 blizzard demons (Pan)
  2 mummy priests
  A merfolk aquamancer (Shoals:2)
  8 death scarabs
  A sun demon (Pan)
  2 soul eaters (Pan)
  A quicksilver dragon simulacrum (Coc:3)
  3 cherubim (Depths:2)
  2 spriggan simulacra (Coc:7)
  A deep troll (Vaults:2)
  A wizard (Pan)
  2 smoke demons (Pan)
  A tormentor (Pan)
  An anaconda simulacrum (Coc:3)
  An efreet (Pan)
  4 guardian mummies (Tomb:2)
  2 hellwings (Pan)
  4 wind drakes (Pan)
  An iron dragon simulacrum (Coc:7)
  2 ushabtiu (Tomb:2)
  A water elemental (Coc:7)
  2 ynoxinuls (Pan)
  3 harpy simulacra (Coc:3)
  A hydra simulacrum (Coc:7)
  An orc wizard (Orc:1)
  6 mummies
  3 orcs (Orc:1)
  3 ball lightnings (Pan)
  3 blocks of ice (Pan)
  7 fire vortices
  240 fulminant prisms
  26 fungi
  A lurking horror (Vaults:2)
  193 plants
  29 starspawn tentacles
580 creatures vanquished.

Grand Total: 4699 creatures vanquished

Notes
Turn   | Place    | Note
-------+----------+-------------------------------------------
     0 | D:1      | RepoMan the Mummy Cinder Acolyte began the quest for the
                  | Orb.
     0 | D:1      | Reached XP level 1. HP: 18/18 MP: 2/2
    55 | D:1      | Found a faded altar of an unknown god.
   628 | D:1      | Reached XP level 2. HP: 23/24 MP: 4/4
   632 | D:1      | Learned a level 2 spell: Scorch
   990 | D:2      | Learned a level 1 spell: Magic Dart
  1052 | D:2      | Reached skill level 1 in Staves
  1183 | D:2      | Gained mutation: You are in touch with the powers of death.
                  | [Mummy growth]
  1183 | D:2      | Reached XP level 3. HP: 29/29 MP: 5/5
  1472 | D:2      | Noticed Jessica
  1478 | D:2      | Killed Jessica
  1479 | D:2      | Reached XP level 4. HP: 30/35 MP: 0/7
  1586 | D:2      | Identified the +2 leather armour of Itob {rCorr Int+5 SInv}
  1698 | D:2      | Reached skill level 1 in Conjurations
  1848 | D:2      | Found a basalt altar of Yredelemnul.
  2635 | D:3      | Reached XP level 5. HP: 41/41 MP: 6/8
  2742 | D:3      | Found a burning altar of Makhleb.
  2746 | D:3      | Noticed an Executioner
  2747 | D:3      | Noticed an angel
  3012 | D:4      | Noticed Blork the orc
  3014 | D:4      | Blork the orc changed into Blork the centaur
  3014 | D:4      | Noticed Blork
  3020 | D:4      | Killed Blork the centaur
  3146 | D:4      | Found a glowing drain.
  3150 | Sewer    | Entered a sewer
  3187 | Sewer    | Reached skill level 1 in Poison Magic
  3187 | Sewer    | Reached XP level 6. HP: 47/47 MP: 5/10
  3358 | Sewer    | Reached skill level 1 in Air Magic
  3571 | D:4      | Reached XP level 7. HP: 54/54 MP: 6/12
  3590 | D:4      | Learned a level 3 spell: Mephitic Cloud
  3594 | D:4      | Learned a level 3 spell: Ignite Poison
  3597 | D:4      | Found a shimmering blue altar of Sif Muna.
  3790 | D:4      | Found a staircase to the Ecumenical Temple.
  3824 | Temple   | Entered the Ecumenical Temple
  4421 | D:5      | Entered Level 5 of the Dungeon
  4436 | D:5      | Noticed Grinder
  4437 | D:5      | Reached skill level 1 in Transmutations
  4448 | D:5      | Noticed Duvessa
  4448 | D:5      | Noticed Dowan
  4581 | D:4      | Identified a scroll of acquirement
  4582 | D:4      | Acquired a book of Conjurations
  4587 | D:4      | Learned a level 2 spell: Searing Ray
  4591 | D:4      | Learned a level 3 spell: Dazzling Flash
  4619 | D:4      | Reached XP level 8. HP: 61/61 MP: 11/14
  5062 | D:6      | Reached skill level 5 in Fighting
  5062 | D:6      | Reached skill level 5 in Spellcasting
  5150 | D:6      | Reached skill level 5 in Conjurations
  5428 | D:6      | Found a sparkling altar of Nemelex Xobeh.
  5772 | D:7      | Found a flagged portal.
  5781 | Bailey   | Entered a bailey
  6135 | Bailey   | Reached XP level 9. HP: 58/68 MP: 14/17
  6142 | Bailey   | Reached skill level 5 in Fire Magic
  6200 | Bailey   | Noticed a gargoyle
  6213 | Bailey   | Killed a gargoyle
  6467 | D:7      | Upgraded the game from 0.30-a0-1102-g2dbb833546 to
                  | 0.30-a0-1104-g706747fef1
  6587 | D:7      | Reached skill level 1 in Hexes
  6642 | D:7      | Found an ornate altar of the Wu Jian Council.
  7056 | D:7      | Learned a level 4 spell: Fulminant Prism
  7573 | D:8      | Noticed Gastronok
  7583 | D:8      | Killed Gastronok
  7584 | D:8      | Reached XP level 10. HP: 77/77 MP: 4/20
  7783 | D:8      | Found a staircase to the Lair.
  8238 | D:8      | Found a basalt altar of Yredelemnul.
  8239 | D:8      | Found a snail-covered altar of Cheibriados.
  8453 | D:8      | Found an opulent altar of Gozag.
  8719 | D:9      | Found Iniecoj's Assorted Antiques.
  8722 | D:9      | Bought a scroll labelled ZUCKYJ TIKKIZA for 34 gold pieces
  8722 | D:9      | Bought a shimmering copper ring for 170 gold pieces
  8722 | D:9      | Identified the ring "Xuotybla" {Int+4 Dex-4 Slay+4} (You
                  | bought it in a shop on level 9 of the Dungeon)
  8722 | D:9      | Bought a scroll of identify for 68 gold pieces
  8825 | D:9      | Reached skill level 1 in Dodging
  8891 | D:9      | Found Olanwier's Armour Shoppe.
  9113 | D:9      | Found Dazeozxim's Distillery.
  9151 | D:9      | Found Zevih's Antique Armour Shoppe.
  9186 | D:9      | Noticed Erolcha
  9191 | D:9      | Killed Erolcha
  9337 | D:9      | Found Eheiq's Assorted Antiques.
  9351 | D:9      | Bought a scintillating amber ring for 115 gold pieces
  9351 | D:9      | Identified the ring "Cesafrumn" {*Slow rC+ Will+ Dex+7}
                  | (You bought it in a shop on level 9 of the Dungeon)
  9434 | D:9      | Reached XP level 11. HP: 84/84 MP: 10/22
 10237 | D:10     | Entered Level 10 of the Dungeon
 10250 | D:10     | Noticed a boulder beetle
 10251 | D:10     | Noticed a two-headed ogre
 10262 | D:10     | Killed a two-headed ogre
 10453 | D:10     | Found an ancient bone altar of Kikubaaqudgha.
 10492 | D:10     | Noticed a two-headed ogre
 10511 | D:10     | Killed a two-headed ogre
 11069 | D:10     | Found a bloodstained altar of Trog.
 11168 | D:10     | Killed a boulder beetle
 11552 | D:11     | Found Wenuazxewk's Weapon Shop.
 11798 | D:11     | Noticed Urug
 11807 | D:11     | Killed Urug
 11835 | D:11     | Noticed a two-headed ogre
 12026 | Lair:1   | Entered Level 1 of the Lair of Beasts
 12392 | Lair:1   | Noticed Erica
 12405 | Lair:1   | Killed Erica
 12406 | Lair:1   | Reached XP level 12. HP: 94/94 MP: 10/23
 12535 | Lair:1   | Reached skill level 10 in Conjurations
 12892 | Lair:2   | Found a gate leading to a gauntlet.
 12942 | Gauntlet | Entered a Gauntlet
 12942 | Gauntlet | Found a transporter.
 12963 | Gauntlet | Found a transporter.
 12972 | Gauntlet | Found a transporter.
 12975 | Gauntlet | Noticed a hell hog
 12976 | Gauntlet | Noticed a hell beast
 12979 | Gauntlet | Found a transporter.
 12994 | Gauntlet | Found a transporter.
 13013 | Gauntlet | Found a transporter.
 13025 | Gauntlet | Found a transporter.
 13033 | Gauntlet | Noticed a great orb of eyes
 13037 | Gauntlet | Found a transporter.
 13049 | Gauntlet | Found a transporter.
 13050 | Gauntlet | Noticed an entropy weaver
 13061 | Gauntlet | Found a transporter.
 13076 | Gauntlet | Noticed a ghost crab
 13078 | Gauntlet | Found a transporter.
 13095 | Gauntlet | Found a transporter.
 13097 | Gauntlet | Found a transporter.
 13128 | Gauntlet | Found a transporter.
 13130 | Gauntlet | Found a transporter.
 13131 | Gauntlet | Found a transporter.
 13165 | Gauntlet | Found a transporter.
 13165 | Gauntlet | Found a transporter.
 13270 | Gauntlet | Identified the +0 pair of gloves of Uturilop {rElec MP-9
                  | Str+6 Slay+2}
 13314 | Gauntlet | Killed an entropy weaver
 13322 | Gauntlet | Identified the ring "Ytiaj" {rPois rC+ Will+ rCorr}
 13341 | Gauntlet | Identified the ring "Bakhlef" {rElec rPois Will+ Str+5
                  | Int-3}
 13341 | Gauntlet | Noticed a minotaur
 13359 | Gauntlet | Identified the +0 pair of gloves of the Tundras {Str+4}
 13402 | Lair:2   | Noticed a catoblepas
 13427 | Lair:2   | Killed a catoblepas
 13744 | Lair:2   | Found a staircase to the Snake Pit.
 13933 | Lair:2   | Reached skill level 5 in Dodging
 14046 | Lair:2   | Learned a level 2 spell: Passwall
 14435 | Lair:3   | Noticed Snorg
 14623 | Lair:3   | Noticed a boulder beetle
 15101 | Lair:3   | Found a staircase to the Shoals.
 15401 | Lair:3   | Killed Snorg
 16049 | Lair:4   | Gained mutation: You are strongly in touch with the powers
                  | of death. [Mummy growth]
 16049 | Lair:4   | Reached XP level 13. HP: 99/103 MP: 15/25
 16131 | Lair:4   | Reached skill level 10 in Fighting
 16192 | Lair:4   | Found a staircase to the Slime Pits.
 17224 | Lair:5   | Entered Level 5 of the Lair of Beasts
 17668 | Lair:5   | Learned a level 7 spell: Orb of Destruction
 20174 | D:11     | Bought the +2 dagger "Neekhlun" {flame, rElec rC- Int+7}
                  | for 564 gold pieces
 20191 | D:11     | Noticed Fannar
 20204 | D:11     | Killed Fannar
 20978 | D:11     | Reached XP level 14. HP: 111/111 MP: 13/26
 20989 | D:11     | Identified the +1 ring mail of Surprise {Will- Regen+
                  | Str+10 Slay-6}
 21047 | D:12     | Found a staircase to the Orcish Mines.
 21137 | D:12     | Found a portal to a secret trove of treasure.
 21482 | Orc:1    | Entered Level 1 of the Orcish Mines
 21647 | Orc:2    | Entered Level 2 of the Orcish Mines
 21843 | Orc:2    | Found a staircase to the Elven Halls.
 21946 | Orc:2    | Reached skill level 1 in Shields
 22140 | Orc:1    | Identified the +0 hat of the Equator {Stlth+}
 22650 | Orc:2    | Found Mingottu's Jewellery Shop.
 22758 | Orc:2    | Found Retachir's Jewellery Emporium.
 23408 | Orc:2    | Noticed an orc warlord
 23418 | Orc:2    | Killed an orc warlord
 23514 | Orc:2    | Found Ulumpoce's Jewellery Emporium.
 23898 | Orc:2    | Found Imecocs's Book Shoppe.
 23912 | Orc:2    | Bought a book of Cantrips for 156 gold pieces
 23914 | Orc:2    | Learned a level 1 spell: Apportation
 23922 | Orc:2    | Found Henwus's Antique Weapon Shoppe.
 23938 | Orc:2    | Found Dosaagh's General Store.
 23946 | Orc:2    | Bought a scroll of blinking for 120 gold pieces
 23946 | Orc:2    | Bought a scroll of fear for 64 gold pieces
 23946 | Orc:2    | Bought a scroll of identify for 32 gold pieces
 23946 | Orc:2    | Bought a scroll of identify for 32 gold pieces
 23957 | Orc:2    | Found Luolurur's Antique Armour Shoppe.
 24236 | D:12     | Upgraded the game from 0.30-a0-1104-g706747fef1 to
                  | 0.30-a0-1113-ga8025317a9
 25414 | D:14     | Reached skill level 10 in Spellcasting
 25643 | D:14     | Found a gate to the Vaults.
 25654 | D:14     | Reached skill level 1 in Armour
 26367 | D:15     | Entered Level 15 of the Dungeon
 26476 | D:15     | Reached skill level 5 in Shields
 26476 | D:15     | Reached XP level 15. HP: 119/119 MP: 10/29
 26559 | D:15     | Reached skill level 15 in Conjurations
 27686 | D:15     | Found a staircase to the Depths.
 27880 | D:9      | Bought a scroll of torment for 218 gold pieces
 27880 | D:9      | Bought a pair of embroidered boots for 172 gold pieces
 27932 | D:9      | Bought a pair of runed gloves for 210 gold pieces
 28019 | Snake:1  | Entered Level 1 of the Snake Pit
 29628 | Snake:2  | Noticed a nagaraja
 29632 | Snake:2  | Killed a nagaraja
 30737 | Snake:3  | Learned a level 4 spell: Dispel Undead
 30969 | Snake:3  | Reached skill level 1 in Necromancy
 31323 | Snake:3  | Reached XP level 16. HP: 126/127 MP: 7/31
 31891 | Snake:3  | Found Ruxessai's Tremendous Tomes.
 32415 | Snake:3  | Learned a level 5 spell: Irradiate
 32935 | Snake:4  | Entered Level 4 of the Snake Pit
 34447 | Snake:4  | Reached skill level 1 in Earth Magic
 34850 | Snake:4  | Reached XP level 17. HP: 127/135 MP: 9/33
 34932 | Snake:4  | Got a serpentine rune of Zot
 35465 | Elf:1    | Entered Level 1 of the Elven Halls
 35569 | Elf:1    | Found a radiant altar of Vehumet.
 35579 | Elf:1    | Reached skill level 5 in Necromancy
 36334 | Elf:1    | Paralysed by an air elemental for 1 turns
 36581 | Elf:1    | Paralysed by an air elemental for 1 turns
 36628 | Elf:1    | Paralysed by an air elemental for 1 turns
 36773 | Elf:1    | Identified the +1 flail of Bespelled Subterfuge {pain,
                  | Str+2 Dex+4}
 37126 | Elf:2    | Found Joc Ablo's Weapon Boutique.
 37128 | Elf:2    | Found Ibotz's Distillery.
 37191 | Elf:2    | Found Usoxohig's Book Emporium.
 37669 | Elf:2    | Bought a manual of Dodging for 1040 gold pieces
 37737 | Elf:2    | Found a runed translucent gate.
 37737 | Elf:2    | Found a runed translucent gate.
 37737 | Elf:2    | Found a runed translucent gate.
 37815 | Elf:2    | Noticed a deep elf blademaster
 37826 | Elf:2    | Killed a deep elf blademaster
 38597 | Elf:3    | Entered Level 3 of the Elven Halls
 38599 | Elf:3    | Identified the +0 shortbow of Accord {drain, rElec Int-4
                  | SInv Stlth+}
 38643 | Elf:3    | Found Ilereoh's Armour Emporium.
 39043 | Elf:3    | Found Cuuzod's Jewellery Boutique.
 39044 | Elf:3    | Found Rapesuss's Book Emporium.
 39044 | Elf:3    | Found Poirara's Book Emporium.
 39061 | Elf:3    | Learned a level 5 spell: Borgnjor's Vile Clutch
 39247 | Elf:3    | Noticed Saint Roka
 39445 | Elf:3    | Reached skill level 10 in Dodging
 39530 | Elf:3    | Killed Saint Roka
 39820 | Elf:3    | Reached XP level 18. HP: 143/143 MP: 11/35
 39973 | Elf:3    | Identified the +10 great sword "Vawaluumpa" {drain, rPois
                  | rC+++ rCorr SInv}
 39973 | Elf:3    | Identified the +8 great sword of Emnu {vamp, rF+ rC+ rN+
                  | Int+2}
 39973 | Elf:3    | Identified the +7 hand axe of Gosubb {venom, Fragile rF++
                  | Str+3 Int+2}
 39973 | Elf:3    | Identified the ring of Weokuh {Wiz Str+2}
 41035 | Elf:3    | Identified the +9 shortbow "Kedepsoe" {drain, rF+ Str+4}
 41040 | Elf:3    | Identified the staff of death "Ibbeenga" {rF++ rN+}
 41052 | Elf:3    | Got the Precepts of the Fey Brume
 41075 | Elf:3    | Got the Verses on the Arsonist
 41096 | Elf:3    | Identified the +1 sling of the Hundredfold Ghosts {speed,
                  | rN+ rCorr Str-2 Dex+2}
 41530 | Shoals:1 | Entered Level 1 of the Shoals
 41555 | Shoals:1 | Learned a level 6 spell: Death Channel
 41759 | Lair:3   | Reached skill level 10 in Shields
 42247 | Shoals:1 | Reached skill level 10 in Necromancy
 43175 | Shoals:3 | Noticed Mlioglotl
 43180 | Shoals:3 | Killed Mlioglotl
 43516 | Shoals:3 | Noticed Polyphemus
 43531 | Shoals:3 | Killed Polyphemus
 43532 | Shoals:3 | Reached skill level 1 in Translocations
 43590 | Shoals:4 | Entered Level 4 of the Shoals
 43604 | Shoals:4 | Found a stormy altar of Qazlal.
 43741 | Shoals:4 | Reached XP level 19. HP: 143/151 MP: 24/37
 43748 | Shoals:4 | Paralysed by an air elemental for 1 turns
 43954 | Shoals:4 | Paralysed by an air elemental for 1 turns
 44063 | Shoals:4 | Paralysed by an air elemental for 1 turns
 44551 | Shoals:4 | Reached skill level 15 in Spellcasting
 45118 | Shoals:4 | Got a barnacled rune of Zot
 45495 | Vaults:1 | Entered Level 1 of the Vaults
 45585 | Vaults:1 | Found Etud's Armour Boutique.
 46125 | Vaults:1 | Identified the +8 ring mail "Zonidyd" {+Blink}
 46451 | Vaults:1 | Found the +18 shield of the Gong {Loud rN+ Will+ rCorr
                  | EV-5}
 47269 | Vaults:2 | Found Puwkid's Distillery.
 47779 | Vaults:2 | Found a staircase to the Crypt.
 47811 | Vaults:2 | Found a transporter.
 47822 | Vaults:2 | Noticed Mefral's ghost (adept DsNe)
 47854 | Vaults:2 | Found a transporter.
 48496 | Vaults:3 | Reached XP level 20. HP: 158/160 MP: 11/39
 48732 | Vaults:3 | Identified the +1 cloak "Qoututhu" {rN+ rCorr Str-4 Dex+3}
 49552 | Vaults:3 | Reached skill level 15 in Fighting
 49979 | Vaults:3 | Noticed Jory
 49992 | Vaults:3 | Killed Jory
 50225 | Vaults:4 | Found a crumbling gateway.
 50322 | Desolati | Entered the Desolation of Salt
 50681 | Desolati | Got Sif Muna's Vademecum on the Barrage and Sinister Acts
 50690 | Desolati | Learned a level 4 spell: Iskenderun's Mystic Blast
 50720 | Desolati | Got the Compendium of Chilblains
 50849 | Desolati | Identified the +11 spear "Zeseinu" {heavy, Will+ Dex+4}
 50849 | Desolati | Identified the ring of Lyg Kan {rPois rF+ rC+ Str-5 SInv}
 50925 | Desolati | Reached XP level 21. HP: 157/168 MP: 11/41
 50995 | Desolati | Identified the ring "Cyakexz Juis" {+Blink rN++ Will+ Dex-4
                  | Slay-6}
 51008 | Desolati | Identified the ring "Megryz" {Will+ rCorr Int+7}
 51369 | Desolati | Reached skill level 15 in Necromancy
 51535 | Desolati | Identified the staff of poison "Icha" {rPois rCorr Int+2}
 51545 | Desolati | Identified the ring of Noon {Will+ Dex+6}
 51800 | Vaults:4 | Found Xerim Jot's General Store.
 51851 | Vaults:4 | Found Hezegel's Weapon Boutique.
 52543 | Vaults:4 | Noticed Aizul
 52551 | Vaults:4 | Killed Aizul
 52588 | Vaults:4 | Found Apaawn's Antique Armour Shoppe.
 52598 | Vaults:4 | Bought a scorched scale mail for 342 gold pieces
 52598 | Vaults:4 | Identified the +6 scale mail of the Monkey {Str+2} (You
                  | bought it in a shop on level 4 of the Vaults)
 52598 | Vaults:4 | Bought a shadowed robe for 216 gold pieces
 52598 | Vaults:4 | Identified the +2 robe of Articulation {+Blink rF+ rC+ rN+}
                  | (You bought it in a shop on level 4 of the Vaults)
 52684 | Vaults:4 | Found Otzoasi's Magic Scroll Boutique.
 52692 | Vaults:4 | Bought a scroll of teleportation for 36 gold pieces
 52692 | Vaults:4 | Bought a scroll of fear for 48 gold pieces
 52692 | Vaults:4 | Bought a scroll of acquirement for 624 gold pieces
 52692 | Vaults:4 | Bought a scroll of teleportation for 36 gold pieces
 52692 | Vaults:4 | Bought a scroll of torment for 114 gold pieces
 52710 | Vaults:4 | Acquired 713 gold pieces
 52736 | Vaults:4 | Found Pete's Armour Shop.
 52772 | Vaults:4 | Bought the +5 Storm Queen's Shield {shock, Fly rElec} for
                  | 729 gold pieces
 52772 | Vaults:4 | Found the +5 Storm Queen's Shield {shock, Fly rElec}
 53139 | D:12     | You paid a toll of 8 scrolls of fear to enter a treasure
                  | trove
 53140 | Trove    | Entered a treasure trove
 53164 | Trove    | Identified the ring of the Gastropod {rPois Str+6 SInv
                  | Stlth-}
 53166 | Trove    | Identified the +5 dagger of Outrage {pain, *Noise *Corrode
                  | rF+ Int+8}
 53324 | Crypt:1  | Entered Level 1 of the Crypt
 54663 | Depths:1 | Entered Level 1 of the Depths
 54699 | Depths:1 | Learned a level 2 spell: Blink
 54934 | Depths:1 | Noticed Margery
 54941 | Depths:1 | Killed Margery
 55049 | Depths:1 | Reached XP level 22. HP: 181/181 MP: 17/43
 55134 | Depths:1 | Found a gateway to Hell.
 55382 | Depths:1 | Found a one-way gate leading to the halls of Pandemonium.
 55860 | Depths:1 | Found a one-way gateway to a ziggurat.
 56531 | Depths:2 | Reached skill level 15 in Shields
 57898 | Depths:2 | Noticed Mennas
 58237 | Depths:3 | Found Urri's Armour Boutique.
 58598 | Depths:3 | Found a one-way gate to the infinite horrors of the Abyss.
 58656 | Depths:3 | Found a stormy altar of Qazlal.
 58941 | Depths:3 | Learned a level 8 spell: Infestation
 58943 | Depths:3 | Voluntarily entered the Abyss.
 58946 | Abyss:1  | Found a corrupted altar of Lugonu.
 58952 | Abyss:1  | Fell from the grace of Ignis
 58952 | Abyss:1  | Became a worshipper of Lugonu the Unformed
 58952 | Abyss:1  | Reached * piety under Lugonu
 58952 | Abyss:1  | Reached ** piety under Lugonu
 58965 | Abyss:1  | Found a shimmering altar of Xom.
 59037 | Abyss:1  | Found a corrupted altar of Lugonu.
 59282 | Depths:3 | Escaped the Abyss
 59304 | Depths:4 | Entered Level 4 of the Depths
 59334 | Depths:4 | Found an iron altar of Okawaru.
 59355 | Depths:4 | Acquired 1191 gold pieces
 59810 | Crypt:2  | You are sucked into a shaft and drop 1 floor!
 59810 | Crypt:3  | Entered Level 3 of the Crypt
 59889 | Crypt:2  | Reached skill level 1 in Invocations
 60006 | Crypt:2  | Found a runed translucent gate.
 60006 | Crypt:2  | Found a runed translucent gate.
 60006 | Crypt:2  | Found a runed translucent gate.
 60009 | Crypt:2  | Noticed Yhipuh's ghost (veteran GrEE)
 60102 | Crypt:2  | Reached XP level 23. HP: 192/192 MP: 37/45
 60120 | Crypt:2  | Reached *** piety under Lugonu
 60216 | Crypt:2  | You are sucked into a shaft and drop 1 floor!
 60219 | Crypt:3  | Acquired the +8 demon trident "Gahefuaq" {flame, rElec
                  | rCorr}
 60249 | Crypt:3  | Found a runed translucent door.
 60249 | Crypt:3  | Noticed Neirri's ghost (veteran DrHW)
 60270 | Crypt:3  | Killed Neirri's ghost
 60300 | Crypt:3  | Noticed an ancient lich
 60304 | Crypt:3  | Killed an ancient lich
 60458 | Crypt:3  | Reached skill level 2 in Invocations
 60785 | Crypt:3  | Reached **** piety under Lugonu
 60864 | Crypt:3  | Noticed Frederick
 60868 | Crypt:3  | Killed Frederick
 60961 | Crypt:3  | Found a staircase to the Tomb.
 61092 | Crypt:2  | You are sucked into a shaft and drop 1 floor!
 61158 | Crypt:3  | Reached skill level 3 in Invocations
 61983 | Crypt:3  | Reached ***** piety under Lugonu
 62015 | Crypt:3  | Found a basalt altar of Yredelemnul.
 62015 | Crypt:3  | Found an ancient bone altar of Kikubaaqudgha.
 62015 | Crypt:3  | Noticed a curse toe
 62020 | Crypt:3  | Killed a curse toe
 62047 | Crypt:3  | Identified the ring "Ibinekha" {rElec rPois rC+ rN+ Dex-5}
 62047 | Crypt:3  | Identified the amulet of Bipucy {rN+ Regen+}
 62047 | Crypt:3  | Identified the ring of Ihit {rN+ Int+2}
 62052 | Crypt:3  | Identified the staff of earth "Azaa" {rPois rCorr}
 62059 | Crypt:3  | Identified the +6 hand axe "Apseph" {freeze, rN++ Will-
                  | Dex+4 Stlth+}
 62106 | Crypt:3  | Identified the +8 dire flail of the Feeding Stork {heavy,
                  | *Rage Int+3}
 62149 | Crypt:3  | Was forgiven by Ignis
 62265 | Crypt:3  | Reached skill level 4 in Invocations
 62676 | Slime:1  | Entered Level 1 of the Pits of Slime
 62911 | Slime:5  | Entered Level 5 of the Pits of Slime
 62996 | Slime:5  | Reached skill level 5 in Invocations
 63000 | Slime:5  | Reached ****** piety under Lugonu
 63030 | Slime:5  | Noticed the Royal Jelly
 63049 | Slime:5  | Killed the Royal Jelly
 63075 | Slime:5  | Identified the ring of Sin {AC+4 Dex+3}
 63081 | Slime:5  | Reached skill level 6 in Invocations
 63151 | Slime:5  | Got Iroxeess's Precepts of Bones and Outbursts
 63154 | Slime:5  | Identified the +3 short sword "Ogrebane" {vamp, rN+}
 63174 | Slime:5  | Got the Spellbook of Peccant Metal
 63180 | Slime:5  | Got a slimy rune of Zot
 63188 | Slime:5  | Got the Volume of Doomed Electrocution
 64030 | Depths:4 | Reached XP level 24. HP: 199/203 MP: 43/46
 64090 | Depths:4 | Reached skill level 7 in Invocations
 64233 | Depths:4 | Identified the +0 rapier "Kimogim" {freeze, Drain rC++
                  | rCorr MP+9}
 64283 | Depths:4 | Found a gate to the Realm of Zot.
 64944 | Zot:1    | Entered Level 1 of the Realm of Zot
 64945 | Zot:1    | Upgraded the game from 0.30-a0-1113-ga8025317a9 to
                  | 0.30-a0-1114-gd936c97349
 65001 | Zot:1    | Noticed an orb of fire
 65035 | Depths:4 | Learned a level 7 spell: Haunt
 65245 | Zot:1    | Killed an orb of fire
 65246 | Zot:1    | Reached skill level 8 in Invocations
 65842 | Zot:1    | Identified the +3 chain mail of Agres {Harm}
 65854 | Zot:1    | Reached skill level 9 in Invocations
 67154 | Zot:2    | Noticed an orb of fire
 67294 | Zot:2    | You are sucked into a shaft and drop 1 floor!
 68082 | Zot:2    | Identified the +3 hand axe of Exquisite Torment {heavy,
                  | Drain rElec rN+ Str+4}
 68130 | Zot:2    | Reached skill level 10 in Invocations
 68312 | Zot:2    | Noticed an orb of fire
 68321 | Zot:2    | Killed an orb of fire
 68489 | Zot:2    | Killed an orb of fire
 69055 | Zot:3    | Noticed an orb of fire
 69060 | Zot:3    | Killed an orb of fire
 69268 | Zot:3    | Noticed a Killer Klown
 69271 | Zot:3    | Reached XP level 25. HP: 192/211 MP: 5/47
 69285 | Zot:3    | Killed a Killer Klown
 69628 | Zot:3    | Reached skill level 5 in Armour
 70062 | Zot:4    | Reached skill level 11 in Invocations
 70394 | Zot:4    | Noticed Ratusom's ghost (legendary NaHu)
 70404 | Zot:4    | Found a runed translucent gate.
 70404 | Zot:4    | Found a runed translucent gate.
 70405 | Zot:4    | Found a runed translucent gate.
 71451 | Zig:1    | Entered Level 1 of a ziggurat
 71506 | Zig:2    | Entered Level 2 of a ziggurat
 71550 | Zig:3    | Entered Level 3 of a ziggurat
 71555 | Zig:3    | Noticed Huyphaus the pandemonium lord
 71566 | Zig:3    | Killed Huyphaus the pandemonium lord
 71571 | Zig:3    | Identified the +5 dire flail "Yfolit" {freeze, Drain rF++
                  | rC+++ Stlth+}
 71609 | Zig:4    | Entered Level 4 of a ziggurat
 71611 | Zig:4    | Identified the +6 demon trident of Goiniropt {elec, +Blink
                  | Will- Int+4}
 71678 | Zig:5    | Entered Level 5 of a ziggurat
 71694 | Zig:5    | Noticed a shard shrike
 71695 | Zig:5    | Noticed a shard shrike
 71700 | Zig:5    | Killed a shard shrike
 71700 | Zig:5    | Killed a shard shrike
 72050 | Vaults:5 | Entered Level 5 of the Vaults
 72061 | Vaults:5 | Noticed a dread lich
 72062 | Vaults:5 | Reached skill level 12 in Invocations
 72065 | Vaults:5 | Noticed an ancient lich
 72478 | Vaults:5 | Escaped the Abyss
 72487 | Vaults:5 | Killed an ancient lich
 72503 | Vaults:5 | Got Sif Muna's Folio of the Energetic Body
 72613 | Abyss:1  | Found a corrupted altar of Lugonu.
 72913 | Vaults:5 | Escaped the Abyss
 72992 | Vaults:5 | Noticed an ancient lich
 73000 | Vaults:5 | Killed an ancient lich
 73128 | Vaults:5 | Noticed a dread lich
 73135 | Vaults:5 | Killed a dread lich
 73175 | Vaults:5 | Noticed an ancient lich
 73181 | Vaults:5 | Killed an ancient lich
 73182 | Vaults:5 | Reached skill level 13 in Invocations
 73203 | Vaults:5 | Reached XP level 26. HP: 220/220 MP: 9/48
 73397 | Vaults:5 | Identified the staff of air "Mubrou" {rElec rN+ SInv}
 73553 | Vaults:5 | Noticed a dread lich
 73567 | Vaults:5 | Killed a dread lich
 73578 | Vaults:5 | Reached skill level 14 in Invocations
 73835 | Vaults:5 | Killed a dread lich
 73848 | Vaults:5 | Identified the ring of Ojoolu {+Blink rElec rPois rCorr
                  | AC+4}
 73878 | Vaults:5 | Identified the +0 plate armour of the Okapi {rF- rC+++
                  | Dex-2 Stlth+}
 73999 | Vaults:5 | Identified the staff of fire "Lunoake" {rF+ Str+4 Dex+5
                  | SInv}
 74016 | Vaults:5 | Got a silver rune of Zot
 74428 | Vaults:5 | Identified the +3 war axe of Mastery {spect, rElec rCorr}
 74869 | Pan      | Entered Pandemonium
 74990 | Pan      | Noticed Unungenn the pandemonium lord
 75001 | Pan      | Reached skill level 1 in Summonings
 75005 | Pan      | Killed Unungenn the pandemonium lord
 75006 | Pan      | Reached skill level 15 in Invocations
 75875 | Pan      | Identified the +2 plate armour "Zeegol" {Regen+}
 75907 | Pan      | Reached skill level 5 in Staves
 75907 | Pan      | Identified the +1 robe of Sise {rElec Str+5}
 75960 | Pan      | Noticed Plog the pandemonium lord
 75963 | Pan      | Killed Plog the pandemonium lord
 76240 | Pan      | Entered the realm of Mnoleg.
 76240 | Pan      | Noticed Mnoleg
 76245 | Pan      | Got a glowing rune of Zot
 76411 | Pan      | Killed Mnoleg
 76473 | Pan      | Entered the realm of Cerebov.
 76501 | Pan      | Reached XP level 27. HP: 189/229 MP: 18/48
 76670 | Pan      | Found the +6 sword of Cerebov {flame}
 76670 | Pan      | Noticed Cerebov
 76675 | Pan      | Reached skill level 16 in Invocations
 76944 | Pan      | Identified the +5 battleaxe of Memoq {pain, Dex+3}
 76944 | Pan      | Identified the amulet "Syulum" {Reflect Harm rPois Will++
                  | SH+5}
 77207 | Pan      | Found an exit through the horrors of the Abyss.
 77665 | Pan      | Got a fiery rune of Zot
 78003 | Pan      | Found an exit through the horrors of the Abyss.
 78090 | Pan      | Noticed Xicruep the pandemonium lord
 78097 | Pan      | Killed Xicruep the pandemonium lord
 78689 | Pan      | Identified the staff of air "Salaffio" {rElec rC+ Str+3
                  | Int+3}
 78859 | Pan      | Found the +6 sword of Cerebov {flame}
 78859 | Pan      | Noticed Cerebov
 79247 | Pan      | Reached skill level 5 in Summonings
 79748 | Pan      | Noticed Ithrenon the pandemonium lord
 79914 | Pan      | Found an exit through the horrors of the Abyss.
 80129 | Pan      | Reached skill level 17 in Invocations
 80170 | Pan      | Found an exit through the horrors of the Abyss.
 80233 | Pan      | Found the +6 sword of Cerebov {flame}
 80233 | Pan      | Noticed Cerebov
 80270 | Pan      | Corrupted Pan
 80287 | Pan      | Took an exit into the Abyss.
 80287 | Abyss:1  | Escaped into the Abyss
 80434 | Depths:1 | Escaped the Abyss
 80485 | Pan      | Entered the realm of Gloorx Vloq.
 80485 | Pan      | Entered Pandemonium
 80597 | Pan      | Noticed Gloorx Vloq
 80611 | Pan      | Killed Gloorx Vloq
 80621 | Pan      | Got a dark rune of Zot
 80692 | Pan      | Reached skill level 18 in Invocations
 80753 | Pan      | Identified the +0 scale mail of Unuus {rElec Dex+3}
 80792 | Pan      | Found an exit through the horrors of the Abyss.
 81436 | Pan      | Found an exit through the horrors of the Abyss.
 81444 | Pan      | Entered the realm of Lom Lobon.
 81566 | Pan      | Reached skill level 19 in Invocations
 82050 | Pan      | Noticed Lom Lobon
 82076 | Pan      | Killed Lom Lobon
 82161 | Pan      | Got a magical rune of Zot
 82299 | Pan      | Found an exit through the horrors of the Abyss.
 82376 | Pan      | Reached skill level 20 in Invocations
 82395 | Pan      | Noticed Myeqosiu the pandemonium lord
 82413 | Pan      | Killed Myeqosiu the pandemonium lord
 82991 | Pan      | Identified the +10 flail of Yesterday {freeze, SInv}
 82995 | Pan      | Acquired the +1 pair of gloves "Senn" {SInv}
 83376 | Pan      | Found an exit through the horrors of the Abyss.
 84109 | Pan      | Identified the +9 quarterstaff of Neurosis {vamp, *Corrode
                  | rC++ rN++}
 84185 | Pan      | Noticed Hitolyiwk the pandemonium lord
 84328 | Pan      | Reached skill level 1 in Stealth
 84882 | Pan      | Upgraded the game from 0.30-a0-1114-gd936c97349 to
                  | 0.30-a0-1122-g620db56ad9
 85057 | Pan      | Reached skill level 21 in Invocations
 85863 | Pan      | Found an exit through the horrors of the Abyss.
 85955 | Pan      | Noticed Zuubbeb the pandemonium lord
 86191 | Pan      | Killed Zuubbeb the pandemonium lord
 86324 | Pan      | Got a demonic rune of Zot
 86349 | Pan      | Learned a level 7 spell: Spellforged Servitor
 86398 | Pan      | Identified the +3 leather armour of Truth {Str+2}
 86428 | Pan      | Found an exit through the horrors of the Abyss.
 86501 | Pan      | Noticed Qubomaov the pandemonium lord
 86947 | Pan      | Found an exit through the horrors of the Abyss.
 86968 | Pan      | Found an exit through the horrors of the Abyss.
 86973 | Pan      | Found an exit through the horrors of the Abyss.
 87057 | Pan      | Noticed Moamelag the pandemonium lord
 87079 | Pan      | Killed Moamelag the pandemonium lord
 87080 | Pan      | Reached skill level 10 in Fire Magic
 87097 | Pan      | Identified the +8 flail of Context {speed, rCorr Str+3
                  | Dex+2}
 87104 | Pan      | Identified the amulet "Hubeudew" {Regen+ Str+3 Slay+3 SInv}
 87625 | Depths:1 | Escaped Pandemonium
 87663 | Depths:1 | Learned a level 8 spell: Ignition
 88007 | Tomb:1   | Entered Level 1 of the Tomb of the Ancients
 88481 | Tomb:1   | Noticed a royal mummy
 88490 | Tomb:1   | Killed a royal mummy
 89035 | Tomb:1   | Paralysed by a Zot trap for 3 turns
 89838 | Zot:5    | Entered Level 5 of the Realm of Zot
 89858 | Zot:5    | Paralysed by a Zot trap for 3 turns
 90120 | Zot:5    | Noticed a dread lich
 90125 | Zot:5    | Killed a dread lich
 90147 | Zot:5    | Noticed an orb of fire
 90335 | Zot:5    | Killed an orb of fire
 90487 | Zot:5    | Noticed an ancient lich
 90489 | Zot:5    | Noticed an orb of fire
 90493 | Zot:5    | Killed an ancient lich
 90612 | Zot:5    | Killed an orb of fire
 90641 | Zot:5    | Reached skill level 15 in Fire Magic
 90686 | Zot:5    | Noticed an orb of fire
 90692 | Zot:5    | Killed an orb of fire
 90776 | Zot:5    | Noticed a dread lich
 90801 | Zot:5    | Killed a dread lich
 92003 | Tomb:2   | Corrupted Tomb:2
 92003 | Tomb:2   | Noticed a royal mummy
 92003 | Tomb:2   | Noticed a royal mummy
 92012 | Tomb:2   | Killed a royal mummy
 92012 | Tomb:2   | Killed a royal mummy
 92016 | Tomb:2   | Killed a royal mummy
 92242 | Tomb:2   | Noticed a royal mummy
 92287 | Tomb:2   | Killed a royal mummy
 92438 | Tomb:1   | Noticed a royal mummy
 92444 | Tomb:1   | Killed a royal mummy
 92474 | Tomb:1   | Noticed a royal mummy
 92475 | Tomb:1   | Noticed a royal mummy
 92475 | Tomb:1   | Noticed a royal mummy
 92478 | Tomb:1   | Noticed a royal mummy
 92479 | Tomb:1   | Killed a royal mummy
 92479 | Tomb:1   | Killed a royal mummy
 92480 | Tomb:1   | Killed a royal mummy
 92484 | Tomb:1   | Killed a royal mummy
 92505 | Tomb:1   | Noticed a royal mummy
 92510 | Tomb:1   | Noticed a royal mummy
 92512 | Tomb:1   | Killed a royal mummy
 92515 | Tomb:1   | Killed a royal mummy
 92515 | Tomb:1   | Noticed a royal mummy
 92519 | Tomb:1   | Killed a royal mummy
 92521 | Tomb:1   | Noticed a royal mummy
 92527 | Tomb:1   | Killed a royal mummy
 92530 | Tomb:1   | Noticed a royal mummy
 92535 | Tomb:1   | Killed a royal mummy
 92537 | Tomb:1   | Noticed a royal mummy
 92543 | Tomb:1   | Noticed a royal mummy
 92544 | Tomb:1   | Killed a royal mummy
 92555 | Tomb:1   | Killed a royal mummy
 92629 | Tomb:1   | Noticed a royal mummy
 92637 | Tomb:1   | Killed a royal mummy
 92654 | Tomb:1   | Noticed a royal mummy
 92662 | Tomb:1   | Noticed a royal mummy
 92664 | Tomb:1   | Killed a royal mummy
 92666 | Tomb:1   | Killed a royal mummy
 92676 | Tomb:1   | Noticed a royal mummy
 92683 | Tomb:1   | Killed a royal mummy
 92684 | Tomb:1   | Reached skill level 22 in Invocations
 92705 | Tomb:1   | Noticed a royal mummy
 92709 | Tomb:1   | Killed a royal mummy
 92986 | Tomb:2   | Escaped the Abyss
 93074 | Tomb:3   | Entered Level 3 of the Tomb of the Ancients
 93079 | Tomb:3   | Identified the +8 falchion of the Wolf {freeze, rPois rC++
                  | Str-2 Stlth+}
 93079 | Tomb:3   | Identified the +0 leather armour "Qana" {Contam Rampage
                  | rC++ Slay+6}
 93085 | Tomb:3   | Identified the staff of earth "Moyleq" {rElec Will+}
 93093 | Tomb:3   | Got the Omnibus of Changes and Relocation
 93187 | Tomb:3   | Noticed a royal mummy
 93189 | Tomb:3   | Noticed a royal mummy
 93191 | Tomb:3   | Corrupted Tomb:3
 93192 | Tomb:3   | Killed a royal mummy
 93696 | Tomb:3   | Noticed a royal mummy
 93696 | Tomb:3   | Noticed a royal mummy
 93698 | Tomb:3   | Killed a royal mummy
 93700 | Tomb:3   | Killed a royal mummy
 93700 | Tomb:3   | Noticed a royal mummy
 93701 | Tomb:3   | Killed a royal mummy
 93705 | Tomb:3   | Noticed a royal mummy
 93706 | Tomb:3   | Killed a royal mummy
 93720 | Abyss:1  | Found a corrupted altar of Lugonu.
 93994 | Tomb:3   | Escaped the Abyss
 93999 | Tomb:3   | Noticed a royal mummy
 94002 | Tomb:3   | Killed a royal mummy
 94003 | Tomb:3   | Noticed a royal mummy
 94006 | Tomb:3   | Killed a royal mummy
 94007 | Tomb:3   | Killed a royal mummy
 94009 | Tomb:3   | Noticed a royal mummy
 94013 | Zig:1    | Entered Level 1 of a ziggurat
 94081 | Zig:1    | Acquired the +13 scythe of Curses {drain, curses, Drain}
 94081 | Zig:1    | Found the +13 scythe of Curses {drain, curses, Drain}
 94087 | Zig:2    | Entered Level 2 of a ziggurat
 94111 | Zig:3    | Entered Level 3 of a ziggurat
 94225 | Zig:4    | Entered Level 4 of a ziggurat
 94262 | Zig:5    | Entered Level 5 of a ziggurat
 94277 | Zig:5    | Identified the +9 whip of Wounding {flame, Dex+4}
 94285 | Zig:5    | Identified the +1 leather armour of Hairiness {Will+ Int+3}
 94305 | Zig:6    | Entered Level 6 of a ziggurat
 94327 | Zig:6    | Got the Dissertation on Overcast Charms
 94363 | Zig:7    | Entered Level 7 of a ziggurat
 94366 | Zig:7    | Paralysed by an air elemental for 1 turns
 94382 | Zig:7    | Identified the +1 glaive "Spiderbane" {heavy, Fly rN++
                  | Str+5}
 94395 | Zig:7    | Identified the +1 plate armour "Lyunaf" {Rampage rC- Str+2
                  | Int+4}
 94398 | Zig:7    | Identified the +2 mace "Dicaul" {flame, Will+ Int+2}
 94399 | Zig:7    | Identified the staff of fire "Boesuyd" {rPois rF+ rC+ Int+3
                  | Dex+2}
 94403 | Zig:7    | Acquired the +1 pair of boots of Sloth {rC+ rN+}
 94419 | Zig:7    | Acquired the Anthology of Forceful Zombies
 94427 | Zig:8    | Entered Level 8 of a ziggurat
 94442 | Zig:8    | Found the +7 lajatang of Order {silver, rMut}
 94452 | Zig:8    | Identified the +1 cloak of Inaction {Dex+2}
 94460 | Zig:8    | Identified the amulet "Ciocwois" {Acrobat Dex+4}
 94486 | Zig:9    | Entered Level 9 of a ziggurat
 94530 | Zig:9    | Identified the +12 shortbow "Guryiff" {heavy, Fragile
                  | Will++ rCorr SInv}
 94533 | Zig:9    | Identified the +0 chain mail "Pacog" {rF+ rN+}
 94549 | Zig:10   | Entered Level 10 of a ziggurat
 94555 | Zig:10   | Noticed Bemeg the pandemonium lord
 94556 | Zig:10   | Noticed Yppoel the pandemonium lord
 94563 | Zig:10   | Reached skill level 23 in Invocations
 94563 | Zig:10   | Killed Yppoel the pandemonium lord
 94567 | Zig:10   | Killed Bemeg the pandemonium lord
 94589 | Zig:10   | Identified the +5 whip "Kouxyo" {vamp, rElec rC+ Dex-2}
 94594 | Zig:10   | Identified the amulet "Ybau" {Faith +Blink rF+ rCorr}
 94602 | Zig:10   | Identified the +7 flail of Blood {drain, rPois Dex+5}
 94609 | Zig:10   | Identified the +1 shortbow of the Postmodern Quests {elec,
                  | rPois Dex+2}
 94610 | Zig:10   | Identified the +11 rapier of the Cursing Oracle {drain, rF+
                  | rN+ Dex-4}
 94632 | Zig:11   | Entered Level 11 of a ziggurat
 94744 | Zig:11   | Identified the +2 pair of gloves "Sunoh" {Harm +Blink
                  | Will+}
 94753 | Zig:11   | Identified the +6 spear of World's End {venom, Dex+3}
 94784 | Zig:12   | Entered Level 12 of a ziggurat
 94846 | Zig:12   | Identified the ring of Qakhis {Fire Dex+2}
 94851 | Zig:12   | Identified the staff of air "Ofuirext" {rElec rF+}
 94854 | Zig:12   | Identified the staff of cold "Sappies" {Fragile rF+ rC+
                  | Int+2 Stlth+}
 94857 | Zig:12   | Identified the +0 plate armour of Card Tricks {Stlth+}
 94920 | Zig:13   | Entered Level 13 of a ziggurat
 94992 | Zig:13   | Identified the +5 long sword "Qaow" {holy, MP+9}
 95080 | Tomb:3   | Killed a royal mummy
 95244 | Tomb:3   | Got a golden rune of Zot
 95279 | Tomb:3   | Identified the +2 hand axe of Fate {freeze, SInv}
 95750 | Hell     | Entered the Vestibule of Hell
 95750 | Hell     | Noticed Geryon
 95761 | Hell     | Killed Geryon
 95980 | Hell     | Found a gateway to the Iron City of Dis.
 96096 | Hell     | Found a gateway to the decaying netherworld of Tartarus.
 96167 | Hell     | Found a gateway to the freezing wastes of Cocytus.
 96540 | Vaults:5 | Identified a +5 demon trident of distortion (a +3 demon
                  | trident corrupted by Lugonu)
 96540 | Vaults:5 | Received a gift from Lugonu
 96865 | Coc:1    | Entered Level 1 of Cocytus
 96928 | Coc:1    | Reached skill level 24 in Invocations
 97327 | Coc:3    | Lost dexterity.
 97530 | Hell     | Found a gateway to the ashen valley of Gehenna.
 97855 | D:5      | Noticed Edmund
 97858 | D:5      | Killed Edmund
 97864 | D:5      | Killed Duvessa
 97869 | D:5      | Killed Dowan
 97965 | D:5      | Killed Grinder
 98654 | Vaults:2 | Killed Mefral's ghost
 98815 | Crypt:2  | Killed Yhipuh's ghost
 99159 | Depths:2 | Corrupted Depths:2
 99185 | Depths:2 | Killed Mennas
 99368 | Depths:2 | Identified the +1 mace of Poyped {venom, +Blink rF+ Int+3}
 99853 | Pan      | Entered Pandemonium
 99925 | Pan      | Noticed Fiodwupo the pandemonium lord
 99960 | Pan      | Killed Fiodwupo the pandemonium lord
100112 | Pan      | Identified the +1 leather armour of Charity {rElec}
100547 | Pan      | Noticed Deehyull the pandemonium lord
100560 | Pan      | Killed Deehyull the pandemonium lord
100580 | Pan      | Reached skill level 5 in Polearms
100605 | Pan      | Found an exit through the horrors of the Abyss.
100608 | Pan      | Identified the +6 chain mail of the Bulwark {Dex+4}
100646 | Pan      | Took an exit into the Abyss.
100646 | Abyss:1  | Escaped into the Abyss
100647 | Depths:3 | Escaped the Abyss
101154 | Coc:5    | Reached skill level 25 in Invocations
101685 | Coc:7    | Entered Level 7 of Cocytus
101754 | Coc:7    | Paralysed by a wendigo for 1 turns
101760 | Coc:7    | Paralysed by a wendigo for 1 turns
102082 | Coc:7    | Paralysed by a wendigo for 1 turns
102099 | Coc:7    | Paralysed by a wendigo for 1 turns
102106 | Coc:7    | Paralysed by a wendigo for 1 turns
102305 | Coc:7    | Found the +3 Mad Mage's Maulers {Infuse+∞ VampMP -Cast}
102313 | Coc:7    | Identified the ring "Ecazaixt" {Ice rElec rCorr MP-9 Str+2}
102431 | Coc:7    | Reached skill level 26 in Invocations
103084 | Coc:7    | Noticed Antaeus
103116 | Coc:7    | Killed Antaeus
103280 | Coc:7    | Identified the +6 double sword of the Asp {elec, *Slow
                  | Str+5 Dex+3}
103284 | Coc:7    | Got an icy rune of Zot
103482 | Tar:1    | Entered Level 1 of Tartarus
103629 | Tar:2    | Reached skill level 27 in Invocations
103647 | Tar:2    | Noticed an ancient lich
103652 | Tar:2    | Killed an ancient lich
103652 | Tar:2    | Noticed an ancient lich
103663 | Tar:2    | Killed an ancient lich
103686 | Tar:2    | Reached skill level 10 in Polearms
104590 | Depths:3 | Voluntarily entered the Abyss.
104599 | Abyss:1  | Found a corrupted altar of Lugonu.
104684 | Abyss:3  | Got an abyssal rune of Zot
104685 | Depths:3 | Escaped the Abyss
104902 | Zot:5    | Got the Orb of Zot
104913 | Zot:5    | Noticed Wikuol the pandemonium lord
104997 | Zot:3    | Noticed Wages the pandemonium lord
105016 | Zot:1    | Noticed a seraph
105515 | D:$      | Escaped with the Orb!

Illustrated notes

Levels and vault maps discovered:
D:1:      scummos_arrival_simple_crosswalls, layout_basic,
          hellmonk_ecumenical_altar_arch_garden
D:2:      minmay_door_path, layout_basic, basic_altar, minmay_pentomino_pile,
          uniq_jessica
D:3:      layout_basic, grunt_temple_overflow_order_and_chaos_2,
          kennysheep_generic_room_10
D:4:      layout_loops_ring, led_sif_book, minmay_temple_entry_tees,
          gup_sewer_entry_spiral, uniq_blork_the_orc
D:5:      layout_loops_ring, uniq_edmund, uniq_grinder, uniq_duvessa
D:6:      cheibrodos_iron_armory, layout_loops_ring,
          mainiacjoe_overflow_concentric_impassable
D:7:      cheibrodos_two_vegetables, layout_cave_pools,
          nzn_wu_jian_council_hall, enter_bailey_2, nicolae_figureground_sparkle
D:8:      layout_basic, mainiacjoe_overflow_24_doors,
          nicolae_overflow_hidden_temple, lemuel_doored_altar, lair_entry_dummy,
          uniq_gastronok
D:9:      layout_layer_cave, serial_shops, shop, shop, nicolae_shop_waterfront,
          shop, shop, uniq_erolcha
D:10:     layout_gridville, kiku_gazebo_pond_becter, trog_antimagical,
          serial_bayou_lagoon_b
D:11:     kennysheep_ambush_hall, layout_long_grid, serial_shops, shop,
          uniq_fannar, uniq_urug
D:12:     layout_rooms, orc_0_dummy, enter_trove_2
D:13:     layout_basic, kennysheep_generic_room_6
D:14:     layout_roguey, david_vaults_1, minmay_stone_trees_medium
D:15:     grunt_enter_depths_magical_seal, layout_cave_pods,
          roderic_lattice_octagonal_star, nicolae_underground_beach
Temple:   bh_familiar_temple
Lair:1:   layout_chaotic_city, uniq_erica
Lair:2:   layout_misc_corridors, nicolae_snake_entry_warm_welcome,
          gauntlet_entry_generic, st_stairs_10, beast_lair_carwin_2,
          infiniplex_staircase_pool_2
Lair:3:   layout_hall_layers, minmay_shoals_entry_centaurs,
          serial_bayou_shore_b, uniq_snorg
Lair:4:   layout_hall_layers, minmay_slime_entry_pillars
Lair:5:   evilmike_catoblepas_cave, layout_gridlike
Shoals:1: layout_shoals, yaktaur_hedge
Shoals:2: layout_shoals, st_sunken_temple
Shoals:3: layout_shoals, uniq_polyphemus, uniq_mlioglotl
Shoals:4: shoals_end_hellmonk_storm_palace [storm_palace_center_circular,
          storm_palace_corner_pillars, storm_palace_corner_blocked,
          storm_palace_corner_altar, storm_palace_corner_pillars]
Snake:1:  layout_basic
Snake:2:  layout_grid_maze
Snake:3:  layout_cave_pods, nicolae_shop_i_like_big_books,
          nicolae_snake_ghostly_warrior_ritual
Snake:4:  johnstein_snake_rune_scales, layout_cave_town
Slime:1:  nicolae_slime_pool, layout_caves
Slime:2:  layout_caves
Slime:3:  layout_caves, nicolae_slime_phagocytosis
Slime:4:  layout_caves
Slime:5
Orc:1:    layout_caves, serial_shops, hangedman_minor_magic
Orc:2:    grunt_orc_cross, layout_caves, serial_shops, nicolae_shop_crystal,
          shop, nicolae_shop_rolling_square
Elf:1:    eino_elf_arrival_altar, layout_geoelf_octagon,
          kennysheep_underground_church
Elf:2:    nicolae_elf_blades_crystal_corner, layout_geoelf_octagon,
          serial_shops, nicolae_shop_stone, nicolae_lakefront_shop, shop
Elf:3:    minmay_elf_hall_x, layout_geoelf_castle, serial_shops, shop,
          minmay_shop_grove, uniq_saint_roka
Vaults:1: vaults_room_large_hall, vaults_standard_mumra_x,
          nicolae_vaults_alarming, ontoclasm_vaults_hangar,
          hellmonk_guarded_unrand_gong, vaults_room_ringed_pool,
          ontoclasm_vaults_ring_large, hangedman_vaults_restitches,
          nicolae_vaults_theta, nicolae_vaults_little_squares_5,
          grunt_vaults_focal, v_misc_1, ontoclasm_vaults_loading_screen,
          layout_vaults_big_cross, serial_shops, shop
Vaults:2: gammafunk_ghost_abyssal_escape, nicolae_vaults_sealed_display,
          ontoclasm_vaults_ring_small, minmay_crypt_entry_simple_statues,
          vaults_room_hangedman_quadrants, v_misc_10, v_misc_27,
          vaults_dpeg_ring, nicolae_vaults_gold_heap, layout_vaults_omnigrid,
          serial_shops, nicolae_shop_temple_entry_statues_fountains
Vaults:3: vaults_room_fancy_cross, vaults_room_pool,
          hangedman_vaults_river_flow, v_rooms_2, st_lines, v_pattern_3,
          nicolae_vaults_rhombus_6, v_misc_18, vaults_mumra_minichess_inversion,
          hangedman_vaults_nodes, v_misc_23, v_misc_24, layout_vaults_omnibox,
          uniq_jory
Vaults:4: portal_desolation_entry_holy_temple, nicolae_vaults_shelves_hall,
          v_misc_19, ontoclasm_vaults_fault, nicolae_vaults_little_squares_5,
          ontoclasm_vaults_loading_screen, v_misc_14, v_misc_3,
          nicolae_vaults_circle_grid_a, nicolae_vaults_border_crossing,
          vaults_mumra_hex, v_misc_13, nicolae_vaults_little_squares_3,
          serial_ice_m, layout_vaults_ring, serial_shops, shop, shop,
          nicolae_shop_peninsula, shop, nicolae_lakefront_shop, uniq_aizul
Vaults:5: serial_shops
Crypt:1:  layout_regular_city, corexii_leaking_fountain, grunt_megastairs_5
Crypt:2:  layout_basic, gammafunk_ghost_spectres
Crypt:3:  lightli_unholy_cathedral, layout_chaotic_city,
          tomb_entry_pyramid_bobbens, gammafunk_ghost_grave,
          serial_sigils_hangedman_leer, uniq_frederick
Tomb:1
Tomb:2
Tomb:3
Depths:1: layout_long_grid, enter_ziggurat_d, grunt_metal_band,
          rand_demon_pan_entry_5, corexii_corridor_pit,
          minmay_hollow_rounded_squares
Depths:2: evilmike_silver_temple, layout_cave_pools, minmay_door_square,
          hell_entry, serial_bayou, serial_bayou_lagoon_a, serial_bayou_pond_c,
          serial_bayou_pond_c, serial_bayou_pond_d, serial_bayou_pond_e,
          rand_demon_pan_entry_4, minmay_fire_ice_demons
Depths:3: dreamdust_hydra_shepherd, layout_basic, serial_shops,
          nicolae_shop_just_a_little_nook, hangedman_abyss_entry_splay,
          pan_entry, lemuel_coloured_pillars_altar, grunt_hell_entry_dis_mu,
          zin_statuary, infiniplex_staircase_star
Depths:4: grunt_zot_entry_alcove, layout_honeycomb, pf_hell_entry_great_geh,
          okawaru_gym_becter
Hell
Coc:1:    layout_cocytus_water_paths
Coc:2:    layout_cocytus_water_paths
Coc:3:    layout_cocytus_water_paths
Coc:4:    layout_cocytus_delve
Coc:5:    layout_ice_bergs
Coc:6:    nicolae_coc_two_mouths, layout_cocytus_water_paths
Coc:7:    coc_mu
Tar:1:    layout_honeycomb
Tar:2:    nicolae_tar_intersect_combbox, layout_cathedral_of_symmetry
Tar:3:    nicolae_hells_demon_pit, layout_cathedral_of_symmetry,
          nicolae_tar_grid_combs
Zot:1:    layout_onion_interference
Zot:2:    layout_twisted_circle
Zot:3:    hangedman_snap_crack_crunch, layout_onion_interference
Zot:4:    layout_cathedral_of_symmetry, gammafunk_ghost_split,
          grunt_megastairs_1
Zot:5:    layout_misc_corridors

Skill      XL: |  1  2  3  4  5  6  7  8  9 10 11 12 13 14 15 16 17 18 19 20 21 22 23 24 25 26 27 |
---------------+----------------------------------------------------------------------------------+-----
Staves         | 1 2 4 5 6 |  6.3
Spellcasting   | 2 3 4 5 7 8 10 11 12 13 14 15 16 17 18 19 20 21 23 | 23.3
Fire Magic     | 3 4 5 6 7 21 | 21.3
Conjurations   | 1 2 3 4 5 7 8 9 11 13 14 15 16 | 16.6
Poison Magic   | 1 2 |  2.2
Air Magic      | 1 2 |  2.2
Fighting       | 4 5 6 7 8 9 10 11 12 13 14 15 17 18 19 20 21 22 | 22.3
Transmutations | 1 2 |  2.2
Hexes          | 2 |  2.2
Dodging        | 1 3 5 6 7 8 10 11 13 14 | 14.4
Shields        | 5 6 8 9 10 12 13 14 15 16 17 | 17.3
Armour         | 1 3 4 7 9 |  9.9
Necromancy     | 1 4 8 10 12 14 16 18 19 20 21 22 | 22.2
Earth Magic    | 1 2 3 4 |  4.4
Translocations | 1 2 |  2.2
Invocations    | 1 6 10 13 15 27 | 27.0
Summonings     | 3 8 |  8.8
Stealth        | 4 |  4.4
Polearms       | 10 | 10.1
Evocations     | |  0.6

Action                     |  1- 3 |  4- 6 |  7- 9 | 10-12 | 13-15 | 16-18 | 19-21 | 22-24 | 25-27 || total
---------------------------+-------+-------+-------+-------+-------+-------+-------+-------+-------++-------
  Melee: Quarterstaff      |    76 |    44 |    16 |    99 |    28 |       |       |       |       ||   263
         Dagger            |       |       |       |       |    17 |    30 |    70 |       |       ||   117
         Staff             |       |       |       |       |       |       |     3 |    55 |   330 ||   388
         Demon trident     |       |       |       |       |       |       |       |       |    29 ||    29
  Throw: Stone             |       |     2 |       |       |       |       |       |       |       ||     2
         Dart              |       |       |     6 |    34 |     3 |     3 |       |       |     3 ||    49
         Throwing net      |       |       |     1 |     2 |       |       |     1 |     1 |       ||     5
   Cast: Scorch            |    14 |    54 |   127 |    91 |   200 |    86 |    58 |    43 |    20 ||   693
         Magic Dart        |     3 |    52 |    42 |    26 |    25 |     1 |     1 |       |     2 ||   152
         Mephitic Cloud    |       |       |    31 |   121 |   149 |    30 |    11 |     3 |       ||   345
         Ignite Poison     |       |       |    20 |    67 |   105 |    24 |     6 |     1 |       ||   223
         Searing Ray       |       |       |     7 |    22 |    41 |    11 |     2 |     1 |       ||    84
         Fulminant Prism   |       |       |     6 |    57 |   106 |    65 |    11 |       |       ||   245
         Dazzling Flash    |       |       |       |     3 |     1 |     2 |       |       |       ||     6
         Orb of Destructio |       |       |       |       |   163 |   273 |   112 |    77 |   385 ||  1010
         Dispel Undead     |       |       |       |       |     2 |       |    56 |   118 |   112 ||   288
         Irradiate         |       |       |       |       |       |    52 |    43 |    55 |   124 ||   274
         Passwall          |       |       |       |       |       |     4 |     2 |     1 |     3 ||    10
         Borgnjor's Vile C |       |       |       |       |       |    51 |   268 |   269 |   588 ||  1176
         Death Channel     |       |       |       |       |       |    15 |    48 |    44 |   120 ||   227
         Apportation       |       |       |       |       |       |     4 |     8 |     2 |    50 ||    64
         Iskenderun's Myst |       |       |       |       |       |       |     1 |     2 |     7 ||    10
         Infestation       |       |       |       |       |       |       |       |    59 |   319 ||   378
         Haunt             |       |       |       |       |       |       |       |    18 |    87 ||   105
         Blink             |       |       |       |       |       |       |       |     1 |       ||     1
         Ignition          |       |       |       |       |       |       |       |       |   152 ||   152
         Spellforged Servi |       |       |       |       |       |       |       |       |    20 ||    20
 Invoke: Fiery Armour      |       |     2 |       |     2 |     2 |     2 |     1 |       |       ||     9
         Rising Flame      |       |       |       |       |       |     1 |       |       |       ||     1
         Foxfire Swarm     |       |       |       |       |       |     1 |       |       |       ||     1
         Depart the Abyss  |       |       |       |       |       |       |       |     1 |     7 ||     8
         Banish            |       |       |       |       |       |       |       |     1 |    10 ||    11
         Enter the Abyss   |       |       |       |       |       |       |       |       |     4 ||     4
         Corrupt           |       |       |       |       |       |       |       |       |     4 ||     4
         Brand Weapon With |       |       |       |       |       |       |       |       |     1 ||     1
Ability: Evoke Blink       |       |       |       |       |       |       |       |       |     1 ||     1
  Evoke: Wand              |       |     1 |     5 |     5 |    13 |    20 |     1 |    12 |    29 ||    86
         Phantom mirror    |       |       |     1 |     2 |     1 |     3 |     4 |     2 |     6 ||    19
         Box of beasts     |       |       |       |     1 |     1 |     3 |     4 |     1 |     4 ||    14
         Condenser vane    |       |       |       |       |     1 |       |     1 |       |     2 ||     4
         Lightning rod     |       |       |       |       |       |     2 |     2 |       |       ||     4
         Figurine of a zig |       |       |       |       |       |       |       |       |     1 ||     1
    Use: Scroll            |       |     2 |    12 |    11 |    18 |    15 |    14 |    17 |    58 ||   147
   Stab: Confused          |       |       |       |     4 |     4 |       |       |       |       ||     8
         Paralysed         |       |       |       |       |     1 |       |       |       |     2 ||     3
         Distracted        |       |       |       |       |       |       |     2 |       |     6 ||     8
 Armour: Robe              |    16 |     3 |       |       |       |       |       |       |       ||    19
         Leather armour    |       |    27 |    43 |    45 |    67 |    63 |    56 |    59 |    73 ||   433
         Ring mail         |       |       |       |       |       |       |       |       |   325 ||   325
  Dodge: Dodged            |    42 |    34 |    62 |   146 |   189 |   133 |    92 |   132 |   462 ||  1292
  Block: Buckler           |       |       |       |       |    44 |    22 |       |       |       ||    66
         Kite shield       |       |       |       |       |       |    70 |    26 |   193 |   585 ||   874
         Tower shield      |       |       |       |       |       |    98 |   284 |       |   331 ||   713
         Reflection        |       |       |       |       |       |    20 |    49 |       |    17 ||    86

Table legend: (Time is in decaauts)
 A = Elapsed time spent in this place.
 B = Non-inter-level travel time spent in this place.
 C = Inter-level travel time spent in this place.
 D = Time resting spent in this place.
 E = Time spent auto-exploring this place.
 F = Levels seen in this place.
 G = Mean time per level.
                   A        B        C        D        E       F      G
               +--------+--------+--------+--------+--------+-----+--------+
         Total | 106136 |  95544 |  10592 |  25320 |  25768 | 137 |  774.7 |
       Dungeon |  18958 |  15705 |   3253 |   2787 |   7356 |  15 | 1263.9 |
        Temple |    192 |    172 |     20 |      0 |    128 |   1 |  192.0 |
          Lair |   8216 |   7527 |    689 |   2269 |   3017 |   5 | 1643.2 |
        Shoals |   3739 |   3542 |    197 |    840 |    246 |   4 |  934.8 |
     Snake Pit |   7320 |   6859 |    461 |   2308 |   2451 |   4 | 1830.0 |
    Slime Pits |    600 |    600 |      0 |    126 |      0 |   5 |  120.0 |
  Orcish Mines |   3112 |   2841 |    271 |   1101 |    474 |   2 | 1556.0 |
   Elven Halls |   5632 |   5377 |    255 |   1810 |   1155 |   3 | 1877.3 |
        Vaults |   9603 |   7712 |   1891 |    960 |   2843 |   5 | 1920.6 |
         Crypt |   4694 |   3887 |    807 |    754 |   1733 |   3 | 1564.7 |
          Tomb |   3563 |   3022 |    541 |   1000 |     59 |   3 | 1187.7 |
        Depths |   8943 |   7787 |   1156 |   2958 |   2374 |   4 | 2235.8 |
          Hell |   1414 |   1277 |    137 |    795 |      0 |   1 | 1414.0 |
       Cocytus |   3196 |   3025 |    171 |   1135 |      0 |   7 |  456.6 |
      Tartarus |    400 |    382 |     18 |     80 |      0 |   3 |  133.3 |
           Zot |   7152 |   6434 |    718 |   1467 |   1921 |   5 | 1430.4 |
         Abyss |   1782 |   1782 |      0 |    947 |      6 |  10 |  178.2 |
   Pandemonium |  13334 |  13334 |      0 |   2812 |   1864 |  34 |  392.2 |
      Ziggurat |   1308 |   1308 |      0 |    418 |      0 |  18 |   72.7 |
         Trove |     43 |     43 |      0 |      0 |      0 |   1 |   43.0 |
         Sewer |    371 |    371 |      0 |     48 |      0 |   1 |  371.0 |
        Bailey |    684 |    684 |      0 |    265 |      0 |   1 |  684.0 |
    Desolation |   1450 |   1450 |      0 |    396 |    139 |   1 | 1450.0 |
      Gauntlet |    418 |    418 |      0 |     41 |      0 |   1 |  418.0 |
               +--------+--------+--------+--------+--------+-----+--------+

Top non-repeatable levels by time:
Depths:4: 3217 daAuts
Vaults:2: 2735 daAuts
  Lair:5: 2623 daAuts
  Tomb:1: 2469 daAuts
Depths:1: 2357 daAuts
   Elf:3: 2349 daAuts
 Snake:4: 2255 daAuts
 Snake:3: 2241 daAuts
     D:9: 2147 daAuts
Depths:2: 2104 daAuts
 Crypt:3: 2025 daAuts
   Orc:2: 2017 daAuts
    D:14: 1927 daAuts
Vaults:5: 1901 daAuts
    D:15: 1898 daAuts
